 Dungeon Crawl Stone Soup version 0.31-a0-844-gdc52ec4e09 (webtiles) character file.

Game seed: 11868994878285151889

1696742 MackTheKnife the Slayer (level 27, 269/269 HPs)
             Began as a Grey Draconian Conjurer on Sept 27, 2023.
             Was a High Priest of Ashenzari.
             Escaped with the Orb
             ... and 3 runes on Sept 28, 2023!
             The game lasted 03:08:40 (69147 turns).

MackTheKnife the Slayer (Grey Draconian Conjurer)  Turns: 69147, Time: 03:08:41

Health: 269/269    AC: 26    Str: 10    XL:     27
Magic:  40/40      EV: 45    Int: 19    God:    Ashenzari [*****.]
Gold:   7529       SH: 20    Dex: 36    Spells: 11/61 levels left

rFire   + + +        A - +8 rapier "Augurer of Ashenzari" {pain, *Rage rPois Stlth+, short, Dev, Cun} (curse)
rCold   + + .        m - +2 shield of Resistance {rF++ rC++ Will++, Melee, Cun} (curse)
rNeg    + . .        (body armour unavailable)
rPois   +            (helmet restricted)
rElec   +            W - +2 cloak of the Eternal Inaction {Will+, Elem, Dev} (curse)
rCorr   .            T - +2 pair of gloves of the Esoteric Prison {Comp, Melee} (curse)
SInv    +            y - +1 pair of boots of the Tethered God {+Blink rF++ Slay+2, Dev, Cun} (curse)
Will    +++++        c - amulet "Mistrust of Ashenzari" {RegenMP rElec rPois, Comp, Self} (curse)
Stlth   ++           i - ring of the Manifest Gnosis {Dex+6, Bglg, Self} (curse)
HPRegen 0.64/turn    o - ring "Doubts of Ashenzari" {rN+ Int-2 Dex+9, Alch, Self} (curse)
MPRegen 0.67/turn

%: clarity
@: no status effects
A: AC +18, amphibious, unfitting armour, cold-blooded, stinger 1, low MP 1,
poison resistance, screaming 1
0: Orb of Zot
}: 3/15 runes: decaying, silver, gossamer
a: Renounce Religion, Evoke Blink, Curse Item, Shatter the Chains


You escaped.
You worshipped Ashenzari.
Ashenzari was extremely pleased with you.
You visited 10 branches of the dungeon, and saw 50 of its levels.
You visited 1 bazaar.
You also visited: Bailey and Volcano.

You collected 8864 gold pieces.
You spent 1335 gold pieces at shops.


Innate Abilities, Weirdness & Mutations

Your dull iron-grey scales are very hard. (AC +18)
You are amphibious.
You cannot fit into any form of body armour.
You are cold-blooded and may be slowed by cold attacks.
Your tail ends in a venomous barb.
Your magical capacity is low. (-10% MP)
Your system is resistant to poisons. (rPois)
You occasionally shout uncontrollably at your foes.


   Skills:
 + Level 22.6(26.3) Fighting
 - Level 10.8(14.0) Short Blades
 - Level 20.6(24.4) Dodging
 - Level 4.0(7.7) Stealth
 - Level 16.0 Shields
 - Level 13.6(17.7) Spellcasting
 - Level 15.8(17.8) Conjurations
 - Level 5.0(7.1) Hexes
 - Level 15.9(19.0) Summonings
 - Level 16.1(19.1) Necromancy
 - Level 5.7(7.9) Translocations
 - Level 10.1(12.2) Transmutations
 - Level 11.3(13.4) Earth Magic
 - Level 10.8(15.0) Evocations


You had 11 spell levels left.
You knew the following spells:

 Your Spells              Type           Power      Damage    Failure   Level
a - Magic Dart            Conj           100%       1d8       0%          1
b - Spellforged Servitor  Conj/Summ      36%        N/A       3%          7
c - Haunt                 Necr/Summ      36%        N/A       2%          7
d - Iskenderun's Mystic   Conj/Tloc      60%        2d13      1%          4
e - Animate Dead          Necr           74%        N/A       1%          4
f - Borgnjor's Vile Clut  Necr/Erth      34%        N/A       1%          5
g - Summon Forest         Summ/Tloc      30%        N/A       1%          5
h - Bombard               Conj/Erth      33%        9d6       1%          6
i - Death Channel         Necr           37%        N/A       1%          6
j - Yara's Violent Unrav  Hex/Tmut       26%        3d11      3%          5

Your spell library contained the following spells:

 Spells                   Type           Power      Damage    Failure   Level
 Necrotise                Necr           100%       1d9       0%          1
 Summon Small Mammal      Summ           100%       N/A       0%          1
 Searing Ray              Conj           100%       2d8       0%          2
 Call Canine Familiar     Summ           73%        N/A       0%          3
 Vampiric Draining        Necr           74%        2d11      0%          3
 Foxfire                  Conj/Fire      100%       2x1d9     1%          1
 Shock                    Conj/Air       100%       1d9       1%          1
 Blink                    Tloc           92%        N/A       1%          2
 Cigotuvi's Dreadful Rot  Necr/Pois/Air  82%        N/A       1%          2
 Jinxbite                 Hex            86%        N/A       1%          2
 Dazzling Flash           Conj/Hex       100%       N/A       1%          3
 Mephitic Cloud           Conj/Pois/Air  40%        N/A       1%          3
 Sigil of Binding         Hex            43%        N/A       1%          3
 Summon Guardian Golem    Hex/Summ       60%        N/A       1%          3
 Fulminant Prism          Conj/Hex       29%        3d14      1%          4
 Leda's Liquefaction      Hex/Erth       27%        N/A       1%          4
 Petrify                  Tmut/Erth      60%        N/A       1%          4
 Sticky Flame             Conj/Fire      50%        2d7       1%          4
 Summon Ice Beast         Ice/Summ       52%        N/A       1%          4
 Summon Lightning Spire   Summ/Air       52%        N/A       1%          4
 Agony                    Necr           74%        N/A       1%          5
 Iskenderun's Battlesphe  Conj           71%        2d12      1%          5
 Summon Mana Viper        Hex/Summ       60%        N/A       1%          5
 Summon Cactus Giant      Summ           36%        N/A       1%          6
 Manifold Assault         Tloc           46%        N/A       2%          4
 Passage of Golubria      Tloc           46%        N/A       2%          4
 Monstrous Menagerie      Summ           36%        N/A       2%          7
 Summon Hydra             Summ           36%        N/A       2%          7
 Ignite Poison            Fire/Tmut/Pois 33%        N/A       3%          3
 Cause Fear               Hex            21%        N/A       3%          4
 Dimensional Bullseye     Hex/Tloc       22%        N/A       3%          4
 Orb of Destruction       Conj           35%        9d10      3%          7
 Inner Flame              Hex/Fire       30%        N/A       4%          3
 Arcjolt                  Conj/Air       25%        1d35      4%          5
 Fireball                 Conj/Fire      25%        3d11      4%          5
 Poisonous Vapours        Pois/Air       34%        N/A       9%          2
 Vhi's Electric Charge    Tloc/Air       64%        N/A       12%         4
 Freezing Cloud           Conj/Ice/Air   20%        6-21      16%         5
 Borgnjor's Revivificati  Necr           37%        N/A       17%         8
 Ozocubu's Armour         Ice            17%        N/A       19%         3
 Swiftness                Air            17%        N/A       19%         3
 Starburst                Conj/Fire      25%        6d8       26%         6
 Silence                  Hex/Air        15%        N/A       38%         5
 Airstrike                Air            8%         2d(2-18)  52%         4
 Lehudib's Crystal Spear  Conj/Erth      33%        10d8      58%         8
 Eringya's Noxious Bog    Tmut/Pois      20%        4d6       61%         6
 Death's Door             Necr           37%        N/A       95%         9
 Dragon's Call            Summ           36%        N/A       95%         9
 Enfeeble                 Hex            21%        N/A       97%         7
 Plasma Beam              Fire/Air       8%         2x1d19    100%        6
 Ozocubu's Refrigeration  Ice            8%         4d9       100%        7

Inventory:

Hand Weapons
 g - the +7 triple sword "Yny Iklito" {drain, Fragile Will+ rCorr Stlth+, longrare=g}
   (You found it on level 5 of the Vaults)

   Will+:     It increases your willpower.
   rCorr:     It protects you from acid and corrosion.
   Fragile:   It will be destroyed if unequipped.
   Stlth+:    It makes you more stealthy.
 A - the cursed +8 rapier "Augurer of Ashenzari" (weapon) {pain, *Rage rPois Stlth+, short, Dev, Cun}
   (You bought it in a shop on level 4 of the Dungeon)

   rPois:     It protects you from poison *Rage: It berserks you when you make
   melee attacks (+20% chance).
   Stlth+:    It makes you more stealthy.
   It has a curse which improves the following skills: Devices: Evocations and
   Shapeshifting.
   Cunning:   Dodging and Stealth.
Armour
 m - the cursed +2 shield of Resistance (worn) {rF++ rC++ Will++, Melee, Cun}
   (You found it on level 3 of the Elven Halls)

   rF++:      It greatly protects you from fire.
   rC++:      It greatly protects you from cold.
   Will++:    It greatly increases your willpower.
   It has a curse which improves the following skills: Melee Combat: Short
   Blades, Long Blades, Axes, Maces & Flails, Polearms, Staves and Unarmed
   Combat.
   Cunning:   Dodging and Stealth.
 y - the cursed +1 pair of boots of the Tethered God (worn) {+Blink rF++ Slay+2, Dev, Cun}
   (You acquired it in a volcano)

   Slay+2:    It affects your accuracy & damage with ranged weapons and melee
   (+2).
   rF++:      It greatly protects you from fire.
   +Blink:    It lets you blink.
   It has a curse which improves the following skills: Devices: Evocations and
   Shapeshifting.
   Cunning:   Dodging and Stealth.
 T - the cursed +2 pair of gloves of the Esoteric Prison (worn) {Comp, Melee}
   (You bought it in a shop on level 2 of the Orcish Mines)

   It has a curse which improves the following skills: Companions: Summonings
   and Necromancy.
   Melee Combat: Short Blades, Long Blades, Axes, Maces & Flails, Polearms,
   Staves and Unarmed Combat.
 W - the cursed +2 cloak of the Eternal Inaction (worn) {Will+, Elem, Dev}
   (You found it on level 3 of the Elven Halls)

   It has a curse which improves the following skills: Elements: Fire Magic, Ice
   Magic, Air Magic and Earth Magic.
   Devices:   Evocations and Shapeshifting.
Jewellery
 c - the cursed amulet "Mistrust of Ashenzari" (around neck) {RegenMP rElec rPois, Comp, Self}
   (You found it on level 1 of the Elven Halls)

   [amulet of magic regeneration]

   RegenMP:   It increases your rate of magic regeneration.
   rElec:     It insulates you from electricity.
   rPois:     It protects you from poison It has a curse which improves the
   following skills: Companions: Summonings and Necromancy.
   Introspection: Fighting and Spellcasting.
 i - the cursed ring of the Manifest Gnosis (left hand) {Dex+6, Bglg, Self}
   (You found it on level 2 of the Dungeon)

   [ring of dexterity]

   Dex+6:     It affects your dexterity (+6).
   It has a curse which improves the following skills: Beguiling: Conjurations,
   Hexes and Translocations.
   Introspection: Fighting and Spellcasting.
 o - the cursed ring "Doubts of Ashenzari" (right hand) {rN+ Int-2 Dex+9, Alch, Self}
   (You found it on level 5 of the Vaults)

   [ring of positive energy]

   Int-2:     It affects your intelligence (-2).
   Dex+9:     It affects your dexterity (+9).
   rN+:       It protects you from negative energy.
   It has a curse which improves the following skills: Alchemy: Poison Magic and
   Transmutations.
   Introspection: Fighting and Spellcasting.
Wands
 j - a wand of paralysis (57)
   (You found it on level 2 of the Dungeon)
 B - a wand of digging (23)
   (You found it on level 7 of the Dungeon)
 I - a wand of mindburst (42)
   (You found it on level 2 of the Lair of Beasts)
 P - a wand of flame (131)
   (You found it on level 5 of the Lair of Beasts)
 Q - a wand of roots (36)
   (You found it on level 5 of the Lair of Beasts)
 R - a wand of acid (26)
   (You found it on level 11 of the Dungeon)
 U - a wand of polymorph (27)
   (You found it on level 13 of the Dungeon)
Scrolls
 b - 14 scrolls of teleportation {@r4}
 d - 9 scrolls of immolation {!r!r}
 k - 7 scrolls of butterflies
 n - 2 scrolls of revelation
 q - 3 scrolls of fear
 u - 6 scrolls of vulnerability {!r!r}
 w - 7 scrolls of blinking {!r}
 C - 10 scrolls of poison
 E - 6 scrolls of enchant armour
 O - 4 scrolls of amnesia
 S - 5 scrolls of fog
 Z - a scroll of silence {!r}
Potions
 a - 5 potions of magic
 e - 8 potions of mutation {!q}
 f - 7 potions of might
 h - 3 potions of cancellation
 p - 4 potions of ambrosia
 r - 8 potions of haste {@q3}
 v - 18 potions of curing {@q1}
 x - 10 potions of heal wounds {@q2}
 z - 14 potions of brilliance
 D - 3 potions of resistance
 H - 4 potions of berserk rage {!q}
 N - 6 potions of invisibility
 V - 6 potions of lignification {!q}
 Y - 5 potions of enlightenment
Miscellaneous
 s - a phial of floods (inert)
   (You found it on level 2 of the Lair of Beasts)
 K - a lightning rod (4/4)
   (You found it on level 3 of the Lair of Beasts)
 L - a sack of spiders
   (You found it on level 3 of the Lair of Beasts)
 M - a tin of tremorstones (1/2) {throwing}
   (You found it on level 3 of the Vaults)

Dungeon Overview and Level Annotations

Branches:
Dungeon (15/15)            Temple (0/1) D:7            Lair (5/5) D:9
  Swamp (4/4) Lair:2       Spider (4/4) Lair:2        Slime (0/5) Lair:4
    Orc (2/2) D:11            Elf (3/3) Orc:2        Vaults (5/5) D:13
  Crypt (3/3) Vaults:2     Depths (4/4) D:15            Zot (5/5) Depths:4
 Bailey (visited)         Volcano (visited)
   Tomb: Crypt:3

Altars:
Ashenzari
Makhleb
Nemelex Xobeh
Okawaru
Qazlal
Trog
Uskayaw
Wu Jian
Xom
The Shining One
Lugonu

Shops:
D:2 :   D:4 *   D:14 (   Orc:2 [?*:   Vaults:1 (   Vaults:2 [   Vaults:4 *

Portals:
Hell: Depths:1 Depths:2 Depths:3 Depths:4
Abyss: Lair:1 Depths:1 Depths:2 Depths:3
Pandemonium: Depths:1 Depths:2
Ziggurat: Depths:3
Trove: D:15 (give +2 shadow dragon scales)

Annotations:
D:3 1 runed translucent door, orangepiccolo's ghost, weakling HOBe
D:7 Jeremiah
D:8 exclusion: orange demon, Amaemon
D:9 1 runed translucent door, Amnesiac's ghost, journeyman DECj
Lair:2 NEED FLYING
Lair:4 2 transporters, exclusion: 2 oklob plants, casual's ghost, journeyman MeFi
Spider:1 1 runed translucent door, Duhoah Foli's ghost, adept AtWn
Spider:4 3 runed translucent doors, Cosiarut's ghost, journeyman FeSu
Elf:2 3 runed translucent doors
Crypt:1 2 transporters, exclusion: obsidian statue

.................................
.................................
...##..)..............(..........
...##...................####.....
...##.3.......##...........#.....
....#24.......##...........#.....
...........3.....^.........#.....
...4.ยง......ยง.#####........#.....
..#...#....##...@>...............
......#....########.......>......
.##...#....##...# ##.............
.###.......##...# ##..........#.
.###.......##...# ##..........#.
...........##...####..........###
.##......####.....##..........#
'###.........................####
...#................#........%...


You could see a sixfirhy.


Message History

There is a stone staircase leading up here.
You climb upwards.
There is a stone staircase leading down here.
There is a stone staircase leading up here.
You climb upwards.
There is a stone staircase leading down here.
You sense a monster nearby.
You can't go up here!
There is a stone staircase leading up here.
You climb upwards.
There is a stone staircase leading down here.
There is an open door here.
There is an open door here.
There is an open door here.
There is an open door here.
There is a stone staircase leading up here.
You climb upwards.
Level annotation: 1 runed translucent door, Amnesiac's ghost, journeyman DECj
There is a stone staircase leading down here.
A soul eater comes into view.
Casting: Spellforged Servitor (mildly dangerous; 3% risk of failure)
Confirm with . or Enter, or press ? or * to list all spells.
You summon a servant imbued with your destructive magic! ๐Ÿ˜Ž MP[-6]
You lost 6 mp, and now have 34/40 mp.
The soul eater attacks as it pursues you!
The soul eater completely misses you.
Your spellforged servitor casts a spell at the soul eater.
The iron shot hits the soul eater!! x2 ๐Ÿ˜Ž MP[+1]
The soul eater hits your spellforged servitor!! ๐Ÿ˜Ž MP[+1]
Your spellforged servitor points at the soul eater and mumbles some strange words.
The iron shot hits the soul eater!!
The soul eater dies!
Your spellforged servitor is knocked back by the blast. ๐Ÿ˜Ž MP[+1] ๐Ÿ˜Ž MP[+1]
There is a stone staircase leading up here. ๐Ÿ˜Ž MP[+1]
You climb upwards.
Your summoned ally is left behind.
Level annotation: exclusion: orange demon, Amaemon
There is a stone staircase leading down here. ๐Ÿ˜Ž MP[+1]
Your mp is fully restored (40).
There is a large open door here.
There is a large open door here.
There is an open door here.
Things that are here:
a +0 robe; a +4 dagger of chaos {short}
There is a stone staircase leading up here.
You climb upwards.
Level annotation: Jeremiah
There is a stone staircase leading down here.
Jeremiah is nearby!
There is a stone staircase leading up here.
You climb upwards.
There is a stone staircase leading down here.
You climb downwards.
Level annotation: Jeremiah
There is a stone staircase leading up here.
What level of the Dungeon? (default 7, ? - help)
You climb upwards.
There is a stone staircase leading down here.
There is a stone staircase leading up here.
You climb upwards.
There is a stone staircase leading down here.
There is a stone staircase leading up here.
You climb upwards.
There is a stone staircase leading down here.
An Orb Guardian comes into view.
Unknown command.
There is an entrance to Wait's Assorted Antiques here.
You see here a +3 dagger of draining {short}.
There is a stone staircase leading up here.
You can't go down here!
You climb upwards.
Level annotation: 1 runed translucent door, orangepiccolo's ghost, weakling HOBe
There is a stone staircase leading down here.
What level of the Dungeon? (default 1, ? - help)
Things that are here:
a +0 leather armour; a +0 whip {mace}
There is a stone staircase leading up here.
You climb upwards.
There is a stone staircase leading down here.
You see here a scroll of torment {!r}.
There is a stone staircase leading up here.
You climb upwards.
There is a stone staircase leading down here.
A cacodemon, a sixfirhy and 2 orange demons come into view.
You yell at the cacodemon!
Unknown command.
Blink to where?
Press: ? - help, Dir - move target
As you read the scroll of blinking {!r}, it crumbles to dust.
The orange demon moves out of view.
Blink to where?
Press: ? - help, Dir - move target
As you read the scroll of blinking {!r}, it crumbles to dust.
You have escaped!

Skill      XL: |  1  2  3  4  5  6  7  8  9 10 11 12 13 14 15 16 17 18 19 20 21 22 23 24 25 26 |
---------------+-------------------------------------------------------------------------------+-----
Stealth        | 2 4 |  4.0
Spellcasting   | 3 4 5 9 10 11 12 13 | 13.6
Conjurations   | 5 6 7 9 10 13 15 | 15.8
Dodging        | 2 4 5 6 8 12 13 15 16 20 | 20.6
Hexes          | 2 4 5 |  5.0
Fighting       | 2 3 5 11 12 15 16 17 22 | 22.6
Short Blades   | 3 8 10 | 10.8
Necromancy     | 6 7 8 10 12 13 14 16 | 16.1
Earth Magic    | 6 9 11 | 11.3
Translocations | 3 5 |  5.7
Evocations     | 3 6 7 10 | 10.8
Summonings     | 5 8 9 12 14 15 | 15.9
Shields        | 7 16 | 16.0
Transmutations | 4 10 | 10.1

Action                     |  1- 3 |  4- 6 |  7- 9 | 10-12 | 13-15 | 16-18 | 19-21 | 22-24 | 25-27 || total
---------------------------+-------+-------+-------+-------+-------+-------+-------+-------+-------++-------
  Melee: Club              |    30 |       |       |       |       |       |       |       |       ||    30
         Tailslap          |     3 |     3 |    17 |    80 |   203 |   263 |   202 |    75 |   181 ||  1027
         Dagger            |       |    10 |    31 |       |       |       |       |       |       ||    41
         Rapier            |       |       |    65 |   401 |  1013 |  1105 |   795 |   240 |   609 ||  4228
         Punch             |       |       |       |     5 |    21 |     1 |       |       |       ||    27
   Fire: Sling             |     6 |     3 |       |       |       |       |       |       |       ||     9
   Cast: Magic Dart        |    65 |   122 |    60 |    38 |     8 |     7 |     4 |       |       ||   304
         Searing Ray       |     1 |     9 |    17 |     2 |       |       |       |       |       ||    29
         Fulminant Prism   |       |       |    37 |    13 |    12 |       |       |       |       ||    62
         Animate Dead      |       |       |       |     9 |    17 |    18 |    22 |     4 |    12 ||    82
         Borgnjor's Vile C |       |       |       |    47 |    92 |    84 |   134 |    39 |    73 ||   469
         Summon Forest     |       |       |       |       |     2 |     9 |     7 |     1 |    12 ||    31
         Iskenderun's Myst |       |       |       |       |     1 |       |     4 |       |       ||     5
         Bombard           |       |       |       |       |       |    39 |    95 |    54 |    65 ||   253
         Death Channel     |       |       |       |       |       |    24 |    22 |     5 |    18 ||    69
         Spellforged Servi |       |       |       |       |       |     1 |    87 |    35 |    76 ||   199
         Yara's Violent Un |       |       |       |       |       |     1 |    10 |     7 |     9 ||    27
         Haunt             |       |       |       |       |       |       |     4 |     2 |    11 ||    17
 Invoke: Curse Item        |       |       |     4 |     1 |     3 |     3 |     2 |     2 |     2 ||    17
         Shatter the Chain |       |       |       |       |     3 |     2 |     4 |       |       ||     9
  Evoke: Wand              |       |       |     6 |     3 |     3 |     5 |     5 |     1 |       ||    23
         Lightning rod     |       |       |       |       |    15 |     3 |     5 |     4 |       ||    27
         Sack of spiders   |       |       |       |       |     3 |     2 |     2 |     2 |     1 ||    10
         Phial of floods   |       |       |       |       |     1 |       |     1 |     1 |     1 ||     4
         Tin of tremorston |       |       |       |       |       |       |       |       |     2 ||     2
    Use: Potion            |     2 |       |     1 |     1 |     3 |     2 |     6 |     2 |     3 ||    20
         Scroll            |       |     5 |     2 |       |     8 |     3 |     6 |     1 |    14 ||    39
   Stab: Paralysed         |       |       |     1 |       |       |       |     1 |       |       ||     2
         Sleeping          |       |       |       |     8 |    20 |    20 |    14 |     1 |     3 ||    66
         Distracted        |       |       |       |     1 |    18 |    26 |    24 |    15 |    31 ||   115
         Petrified         |       |       |       |       |     1 |       |       |       |       ||     1
         Confused          |       |       |       |       |     1 |       |       |     1 |       ||     2
 Armour: Skin              |    25 |    32 |    73 |   189 |   457 |   498 |   373 |   105 |   147 ||  1899
  Dodge: Dodged            |    42 |    17 |   108 |   274 |   884 |   864 |   568 |   192 |   450 ||  3399
  Block: Buckler           |       |       |       |       |       |   443 |   169 |       |       ||   612
         Kite shield       |       |       |       |       |       |       |   228 |   179 |   488 ||   895

Levels and vault maps discovered:
D:1:      dpeg_arrival_tiny_i, layout_basic, nrook_campfire,
          minmay_misc_feat_alley
D:2:      layout_basic, serial_shops, nicolae_shop_competitors_out_of_business,
          ebering_ecumenical_altar_sacrificial, minmay_tiny_reverse_x
D:3:      layout_rooms, okawaru_ov_weapons_minmay,
          hellmonk_ghost_happy_afterlife
D:4:      layout_rooms, nemelex_xobeh_ov_fountains_minmay, serial_shops,
          nicolae_stop_n_shop_2
D:5:      layout_loops_ring, marbit_many_paths,
          chequers_temple_overflow_minitemple, uniq_prince_ribbit1
D:6:      kennysheep_kobold_camp, layout_cave_pools,
          mainiacjoe_overflow_concentric_impassable,
          hangedman_decor_diamond_cutter
D:7:      layout_loops_ring, minmay_temple_entry_steel_oval, uniq_jeremiah
D:8:      layout_basic, uniq_amaemon, uniq_psyche
D:9:      layout_basic, kennysheep_little_box, due_lair_maze_entry_diamond,
          ebering_ghost_funeral_grove
D:10:     layout_roguey, enter_bailey_4
D:11:     layout_rooms, erik_orc_1, st_stairs_9, palyth_stone_intersect,
          led_xom_imps
D:12:     layout_long_grid
D:13:     layout_cave_pools, erik_vaults_1, gammafunk_ghost_grave,
          dreamdust_wasp_nest
D:14:     layout_basic, serial_shops, nicolae_shop_hallway_plus, minmay_circle_x
D:15:     grunt_enter_depths_hoard, layout_layer_cave, reono_crystal_passage,
          nicolae_trove_entry_isolated
Lair:1:   layout_big_grid, amcnicky_altar_lugonu_corruption
Lair:2:   layout_concentric_octagons, minmay_swamp_entry_reptiles,
          spider_nest_entry_a, basic_altar, bobbens_dragon_lair_wall, uniq_urug
Lair:3:   nzn_winding_woodlands_huge [nzn_winding_woodlands_5x15_split_checker,
          nzn_winding_woodlands_5x15_longhouse,
          nzn_winding_woodlands_5x15_garden, nzn_winding_woodlands_5x15_cabin,
          nzn_winding_woodlands_5x15_zeroes, nzn_winding_woodlands_5x15_twine,
          nzn_winding_woodlands_5x15_sidewinder,
          nzn_winding_woodlands_5x15_concentric,
          nzn_winding_woodlands_5x15_parted, nzn_winding_woodlands_5x15_pockets,
          nzn_winding_woodlands_center_lodge,
          nzn_winding_woodlands_center_diamonds,
          nzn_winding_woodlands_15x15_five_gardens], layout_regular_city,
          basic_altar
Lair:4:   layout_regular_city, minmay_slime_entry_oklob_open,
          gammafunk_ghost_wrathful_warriors, lightli_volcano_entry_magma_tube,
          serial_bayou_shore_a, uniq_sonja
Lair:5:   guppyfry_lair_end_dragon, layout_hall_layers, roderic_batcave
Swamp:1:  layout_basic_swamp, hangedman_swamp_ruin_wall, swamp_pool1,
          st_shrine_of_shade, uniq_kirke
Swamp:2:  layout_basic_swamp, nicolae_swamp_small_spring
Swamp:3:  layout_falls_marsh, nicolae_swamp_ascending_descending, swamp_pool4,
          hangedman_swamp_cone, uniq_roxanne
Swamp:4:  grunt_swamp_rune_castle, layout_basic_swamp
Spider:1: layout_spider_delve, ebering_ghost_xom
Spider:2: layout_spider_delve, hangedman_spider_tarantella_strand
Spider:3: nicolae_spider_corner, hellmonk_spider_spawner
Spider:4: grunt_spider_rune_circles, gammafunk_ghost_tricky_traps,
          nicolae_spider_jagged_tunnels
Orc:1:    layout_caves, basic_altar, special_room [special_room_orc],
          uniq_josephine
Orc:2:    st_orc_mages, layout_caves
Elf:1:    layout_loops_corners, kennysheep_underground_church, uniq_frances
Elf:2:    elven_hall_of_blades_hangedman_original
          [infiniplex_blade_entry_pillars], layout_onion_city
Elf:3:    minmay_elf_hall_not_hex, layout_loops_corners, grunt_megastairs_1,
          uniq_aizul, uniq_zenata
Vaults:1: hangedman_vaults_stitches, v_misc_17, ontoclasm_vaults_ligature,
          nicolae_vaults_sightless_eye, vaults_dpeg_spiral,
          nicolae_vaults_trapezoid_lopsided_1, v_misc_25,
          nicolae_vaults_trapezoid_3, nicolae_vaults_double_plus_2,
          layout_vaults_omnicross, serial_shops, shop, uniq_norris, uniq_donald
Vaults:2: nicolae_vaults_know_your_exits, vaults_dpeg_cross,
          nicolae_vaults_sesquioval_fish, ontoclasm_vaults_bender,
          minmay_crypt_entry_simple_box, nicolae_vaults_double_plus_1,
          nicolae_vaults_diamond_1, nicolae_vaults_wine_cellar,
          ontoclasm_vaults_spin, layout_vaults_chaotic_city, serial_shops, shop
Vaults:3: v_rooms_4, nicolae_vaults_tetromino_Z_1, vaults_dpeg_encased_lava,
          nicolae_vaults_good_morning_starshine, nicolae_vaults_circle_grid_a,
          nicolae_vaults_network_s, nicolae_vaults_closet_pinwheel_3,
          hangedman_vaults_restitches, nicolae_vaults_hexular_roomagon,
          v_pattern_1, layout_vaults_omnibox
Vaults:4: ontoclasm_vaults_twist, nicolae_vaults_diagonal_hallway_6,
          vaults_standard_mumra_enter_the_diamond, nicolae_vaults_spaceships,
          vaults_room_large_hall, nicolae_vaults_cornered_office,
          nicolae_vaults_an_arrangement, vaults_mumra_hex,
          nicolae_vaults_variable_pillar_hall, vaults_room_fours,
          hangedman_vaults_hat, nicolae_vaults_storage_room_glass, v_misc_24,
          nicolae_vaults_double_plus_1, layout_vaults_maze_bifur, serial_shops,
          shop
Vaults:5
Crypt:1:  gammafunk_sealed_arena, layout_basic, serial_co_window_serial,
          co_window_corner_a, co_window_of_opportunity_a, co_window_paths_a,
          co_window_paths_b, co_window_of_opportunity_a, co_window_cross_1,
          co_window_broadway_b, co_window_paths_c, co_window_2corner,
          co_window_of_opportunity_c, co_window_4corner_b, glass_columns_c,
          glass_columns_b, glass_columns_c, glass_columns_c, glass_columns_a,
          item_on_display_a
Crypt:2:  hangedman_screamer, layout_chaotic_city, uniq_margery, uniq_sojobo
Crypt:3:  evilmike_haunted_forest
Depths:1: layout_honeycomb, grunt_pan_entry_zigzag, hell_entry,
          abyss_entry_flame_altar, st_stairs_3, grunt_decor_arrowhead,
          fake_guardian_serpent_vault, uniq_nikola
Depths:2: lemuel_river_lethe, pan_entry, hell_entry, abyss_entry,
          uniq_saint_roka
Depths:3: minmay_blocking_statues, layout_cave_pools, enter_ziggurat_a,
          abyss_entry_small_statue_room, serial_shops, bzr_firewalk,
          lightli_too_deep, nicolae_uskayaw_suspiria, ice2_lemuel, uniq_parghit
Depths:4: evilmike_zot_entry_gauntlet, layout_cave_pools,
          nicolae_tso_swordbearing_angel, hell_entry, grunt_ministairs_10,
          st_stairs_7, roderic_roman_lattice, uniq_vv
Zot:1:    layout_gridlike, st_small_dragon_hoard_5, grunt_megastairs_4
Zot:2:    layout_onion_interference, gammafunk_ghost_crypt, grunt_megastairs_5,
          uniq_grunn
Zot:3:    hangedman_snap_crack_crunch, layout_cathedral_of_symmetry
Zot:4:    kennysheep_blocky_room, layout_cathedral_of_symmetry
Zot:5:    layout_misc_corridors

Notes
Turn   | Place    | Note
-------+----------+-------------------------------------------
     0 | D:1      | MackTheKnife the Draconian Conjurer began the quest for the
                  | Orb.
     0 | D:1      | Reached XP level 1. HP: 14/14 MP: 3/3
     0 | D:1      | magus.rc [v1.9.6]
   202 | D:1      | Reached skill level 2 in Stealth
   212 | D:1      | Reached XP level 2. HP: 11/20 MP: 3/5
   253 | D:1      | Learned a level 2 spell: Searing Ray
   830 | D:1      | Reached XP level 3. HP: 26/26 MP: 2/6
  1518 | D:2      | Reached skill level 3 in Spellcasting
  1518 | D:2      | Reached XP level 4. HP: 33/33 MP: 3/8
  1610 | D:2      | Found Noehaoku's Book Emporium.
  1749 | D:2      | Found a faded altar of an unknown god.
  2106 | D:3      | Reached skill level 5 in Conjurations
  2385 | D:3      | Found a runed translucent door.
  2385 | D:3      | Noticed orangepiccolo's ghost (weakling HOBe)
  2565 | D:3      | Found an iron altar of Okawaru.
  2873 | D:3      | Reached XP level 5. HP: 38/38 MP: 6/10
  3251 | D:4      | Found Wait's Assorted Antiques.
  3260 | D:4      | Bought 3 scrolls labelled UDWUMEHAQE for 78 gold pieces
  3444 | D:4      | Reached skill level 4 in Spellcasting
  3647 | D:4      | Reached skill level 6 in Conjurations
  3690 | D:4      | Found a sparkling altar of Nemelex Xobeh.
  3888 | D:5      | Entered Level 5 of the Dungeon
  3888 | D:5      | Noticed Prince Ribbit
  3913 | D:5      | Learned a level 4 spell: Fulminant Prism
  4013 | D:5      | Noticed a phantom
  4031 | D:5      | Reached skill level 2 in Dodging
  4031 | D:5      | Reached XP level 6. HP: 45/45 MP: 6/12
  4105 | D:5      | Reached skill level 3 in Dodging
  4369 | D:5      | Found a glowing golden altar of the Shining One.
  4369 | D:5      | Found a stormy altar of Qazlal.
  4375 | D:5      | Found a burning altar of Makhleb.
  4377 | D:5      | Found a bloodstained altar of Trog.
  4379 | D:5      | Found a broken altar of Ashenzari.
  4396 | D:5      | Became a worshipper of Ashenzari the Shackled
  4780 | D:5      | Reached skill level 4 in Dodging
  4947 | D:5      | Reached skill level 1 in Hexes
  5291 | D:5      | Reached skill level 2 in Hexes
  5291 | D:5      | Your scales start taking on a dull iron-grey colour.
  5291 | D:5      | Reached XP level 7. HP: 46/50 MP: 5/13
  5388 | D:5      | Killed Prince Ribbit
  5389 | D:5      | Reached skill level 3 in Hexes
  5518 | D:5      | Found an ornate altar of the Wu Jian Council.
  5643 | D:6      | Reached skill level 4 in Hexes
  5725 | D:6      | Reached skill level 2 in Fighting
  5923 | D:6      | Reached XP level 8. HP: 61/61 MP: 6/15
  6110 | D:6      | Reached skill level 5 in Spellcasting
  6352 | D:6      | Found a shimmering altar of Xom.
  6557 | D:6      | Reached skill level 7 in Conjurations
  6846 | D:7      | Reached * piety under Ashenzari
  6949 | D:7      | Noticed Jeremiah
  6971 | D:7      | Reached skill level 3 in Fighting
  7290 | D:4      | Bought a bloodstained rapier for 234 gold pieces
  7290 | D:4      | Identified the +8 rapier "Vunumoa" {pain, *Rage rPois
                  | Stlth+} (You bought it in a shop on level 4 of the Dungeon)
  7301 | D:5      | Learned a level 4 spell: Iskenderun's Mystic Blast
  7343 | D:7      | Reached skill level 1 in Short Blades
  7359 | D:7      | Reached skill level 2 in Short Blades
  7509 | D:7      | Reached ** piety under Ashenzari
  7535 | D:7      | Reached skill level 3 in Short Blades
  7540 | D:7      | Reached XP level 9. HP: 66/74 MP: 10/19
  7693 | D:7      | Found a staircase to the Ecumenical Temple.
  8012 | D:8      | Noticed Psyche
  8018 | D:8      | Killed Psyche
  8019 | D:8      | Reached skill level 5 in Short Blades
  8198 | D:8      | Reached skill level 6 in Short Blades
  8432 | D:8      | Identified the +1 leather armour "Wun Nona" {-Tele Str+2
                  | Int+3 Slay+3}
  8679 | D:8      | Noticed Amaemon
  8679 | D:8      | Noticed an orange demon
  8756 | D:8      | Reached skill level 7 in Short Blades
  9345 | D:8      | Reached *** piety under Ashenzari
  9688 | D:9      | Reached skill level 8 in Short Blades
  9708 | D:8      | Reached skill level 4 in Fighting
  9708 | D:8      | Reached skill level 5 in Dodging
  9863 | D:9      | Reached skill level 5 in Fighting
  9863 | D:9      | Reached XP level 10. HP: 86/86 MP: 3/21
  9876 | D:9      | Reached skill level 6 in Dodging
  9878 | D:9      | Reached skill level 1 in Necromancy
  9881 | D:9      | Reached skill level 2 in Necromancy
  9887 | D:9      | Reached skill level 3 in Necromancy
  9893 | D:9      | Reached skill level 4 in Necromancy
 10038 | D:9      | Found a staircase to the Lair.
 10235 | D:9      | Reached skill level 5 in Necromancy
 10720 | D:9      | Found a hide-covered altar of Uskayaw.
 10942 | D:9      | Found a runed translucent door.
 10949 | D:9      | Identified the +0 trident of Objectivity {flame, +Blink
                  | rC++ rCorr Str+3}
 10951 | D:9      | Noticed Amnesiac's ghost (journeyman DECj)
 10975 | D:9      | You pick up a book of Unlife and begin reading...
 10975 | D:9      | You add the spells Animate Dead, Borgnjor's Vile Clutch and
                  | Death Channel to your library.
 10983 | D:9      | Learned a level 4 spell: Animate Dead
 10989 | D:9      | Learned a level 5 spell: Borgnjor's Vile Clutch
 11108 | D:10     | Entered Level 10 of the Dungeon
 11163 | D:10     | Reached skill level 1 in Earth Magic
 11195 | D:10     | Found a flagged portal.
 11207 | Bailey   | Entered a bailey
 11255 | Bailey   | Reached skill level 2 in Earth Magic
 11293 | Bailey   | Reached skill level 3 in Earth Magic
 11354 | Bailey   | Reached skill level 4 in Earth Magic
 11371 | Bailey   | Reached skill level 5 in Earth Magic
 11497 | Bailey   | Found a burning altar of Makhleb.
 11553 | D:10     | Reached skill level 6 in Necromancy
 11646 | D:10     | Reached skill level 6 in Earth Magic
 11646 | D:10     | Reached XP level 11. HP: 84/94 MP: 14/22
 11814 | D:10     | Noticed a sixfirhy
 11818 | D:10     | Reached skill level 7 in Necromancy
 11869 | D:10     | Reached skill level 1 in Translocations
 12274 | Lair:1   | Entered Level 1 of the Lair of Beasts
 12275 | Lair:1   | magus.rc [v1.9.6]
 12294 | Lair:1   | Found a one-way gate to the infinite horrors of the Abyss.
 12294 | Lair:1   | Found a corrupted altar of Lugonu.
 12454 | Lair:1   | Identified the +1 robe of Wrong Decisions {Harm Rampage rF-
                  | rN++ rCorr}
 12477 | Lair:1   | Reached skill level 2 in Translocations
 12586 | Lair:1   | Reached skill level 3 in Translocations
 12804 | Lair:1   | Reached skill level 1 in Evocations
 12824 | Lair:1   | Noticed a catoblepas
 12846 | Lair:1   | Killed a catoblepas
 12847 | Lair:1   | Reached skill level 3 in Evocations
 12966 | Lair:1   | Reached skill level 3 in Stealth
 13006 | Lair:1   | Reached skill level 4 in Stealth
 13172 | Lair:2   | Noticed an oklob plant
 13274 | Lair:2   | Reached skill level 9 in Short Blades
 13283 | Lair:2   | Found a shimmering altar of Xom.
 13288 | Lair:2   | Noticed Urug
 13299 | Lair:2   | Killed Urug
 13479 | Lair:2   | Reached skill level 10 in Short Blades
 13640 | Lair:2   | Reached XP level 12. HP: 86/101 MP: 13/23
 13770 | Lair:2   | Reached skill level 7 in Dodging
 13775 | Lair:2   | Found a hole to the Spider Nest.
 13900 | Lair:2   | Reached skill level 8 in Dodging
 14031 | Lair:2   | Found a staircase to the Swamp.
 14385 | Lair:2   | Your ally Urug died
 14389 | Lair:2   | Reached skill level 6 in Fighting
 14598 | Lair:2   | Reached skill level 7 in Fighting
 14862 | Lair:2   | Reached skill level 8 in Fighting
 15587 | Lair:3   | Reached skill level 9 in Fighting
 15608 | Lair:3   | You pick up a book of Misfortune and begin reading...
 15608 | Lair:3   | You add the spells Inner Flame, Yara's Violent Unravelling
                  | and Enfeeble to your library.
 15650 | Lair:3   | Noticed a catoblepas
 15674 | Lair:3   | Killed a catoblepas
 15791 | Lair:3   | Reached skill level 10 in Fighting
 15824 | Lair:3   | Found a shimmering altar of Xom.
 16091 | Lair:3   | Reached skill level 11 in Fighting
 16462 | Lair:3   | Reached XP level 13. HP: 123/123 MP: 24/24
 16510 | Lair:3   | Reached skill level 12 in Fighting
 16740 | Lair:3   | Reached skill level 9 in Dodging
 17279 | Lair:3   | Reached skill level 10 in Dodging
 17641 | Lair:3   | Reached skill level 11 in Dodging
 17929 | Lair:3   | Reached skill level 12 in Dodging
 18418 | Lair:4   | Noticed Sonja
 18429 | Lair:4   | Killed Sonja
 18493 | Lair:4   | Found a dark tunnel.
 18584 | Volcano  | Entered a volcano
 18686 | Volcano  | Reached XP level 14. HP: 133/133 MP: 25/25
 18810 | Volcano  | Identified a scroll of acquirement
 18837 | Volcano  | Found a radiant altar of Vehumet.
 18847 | Volcano  | Reached skill level 13 in Dodging
 19039 | Volcano  | Acquired the +1 pair of boots of Compression {+Blink rF++
                  | Slay+2}
 19086 | Lair:4   | You are sucked into a shaft and drop 1 floor!
 19086 | Lair:5   | Entered Level 5 of the Lair of Beasts
 19669 | Lair:4   | Noticed casual's ghost (journeyman MeFi)
 19672 | Lair:4   | Found a bloodstained altar of Trog.
 19715 | Lair:4   | Found a transporter.
 19720 | Lair:4   | Found a transporter.
 19845 | Lair:4   | You pick up a book of Power and begin reading...
 19845 | Lair:4   | You add the spells Iskenderun's Battlesphere, Bombard and
                  | Spellforged Servitor to your library.
 19904 | Lair:4   | Found a staircase to the Slime Pits.
 20053 | Lair:4   | Reached skill level 4 in Evocations
 20184 | Lair:4   | Reached skill level 5 in Evocations
 20538 | Lair:5   | Reached skill level 6 in Evocations
 20614 | Lair:5   | Reached skill level 6 in Spellcasting
 20901 | Lair:5   | Reached skill level 7 in Spellcasting
 21095 | Lair:5   | Reached skill level 8 in Spellcasting
 21413 | Lair:5   | Reached skill level 9 in Spellcasting
 22335 | D:11     | Found a staircase to the Orcish Mines.
 22550 | D:11     | Found a shimmering altar of Xom.
 22566 | D:11     | Reached XP level 15. HP: 139/139 MP: 30/30
 22684 | Orc:1    | Entered Level 1 of the Orcish Mines
 22911 | Orc:1    | Reached skill level 10 in Spellcasting
 22919 | Orc:1    | Noticed Josephine
 22929 | Orc:1    | Killed Josephine
 23257 | Orc:2    | Entered Level 2 of the Orcish Mines
 23287 | Orc:2    | Found a staircase to the Elven Halls.
 23418 | Orc:2    | Reached skill level 8 in Necromancy
 24390 | Orc:2    | Reached **** piety under Ashenzari
 24755 | Orc:2    | Found Nezel's Antique Armour Shop.
 24755 | Orc:2    | Found Tehy's Assorted Antiques.
 24756 | Orc:2    | Found Kaec's Book Boutique.
 24760 | Orc:2    | Found Seqifem's Magic Scroll Shop.
 24764 | Orc:2    | Bought a scroll of teleportation for 90 gold pieces
 24766 | Orc:2    | Bought a scroll of fog for 68 gold pieces
 24773 | Orc:2    | Bought a Fen Folio for 504 gold pieces
 24773 | Orc:2    | You add the spells Summon Forest, Eringya's Noxious Bog and
                  | Summon Hydra to your library.
 24779 | Orc:2    | Learned a level 5 spell: Summon Forest
 24894 | Orc:2    | Bought a pair of runed gloves for 217 gold pieces
 25014 | D:12     | Reached skill level 1 in Summonings
 25191 | D:12     | Reached skill level 2 in Summonings
 25345 | D:12     | Identified the +2 robe of Duvviogy {-Tele rF+ rN+}
 25415 | D:12     | Reached skill level 3 in Summonings
 25666 | D:12     | Identified the ring "Ataof" {AC+4 Str+3}
 25865 | D:12     | Reached skill level 4 in Summonings
 25997 | D:13     | Found a runed translucent door.
 26000 | D:13     | Noticed Fiesu's ghost (journeyman DrCj)
 26127 | D:13     | Reached skill level 5 in Summonings
 26340 | D:13     | Reached skill level 4 in Translocations
 26458 | D:13     | Reached skill level 5 in Translocations
 26651 | D:13     | Found a gate to the Vaults.
 26666 | D:13     | Reached skill level 7 in Earth Magic
 27099 | D:13     | Killed Fiesu's ghost
 27120 | D:13     | Acquired an amulet of guardian spirit
 27251 | D:14     | Reached skill level 8 in Earth Magic
 27512 | D:14     | Reached skill level 9 in Earth Magic
 27598 | D:14     | Identified the +5 falchion "Raitith" {spect, rElec rPois
                  | Str+2}
 27619 | D:14     | Reached XP level 16. HP: 141/144 MP: 26/32
 27846 | D:14     | You pick up a book of the Senses and begin reading...
 27846 | D:14     | You add the spells Agony and Silence to your library.
 27862 | D:14     | Reached skill level 10 in Earth Magic
 27980 | D:14     | Found Dowk's Weapon Shop.
 28245 | D:14     | Learned a level 6 spell: Bombard
 28254 | D:15     | Entered Level 15 of the Dungeon
 28654 | D:15     | Found a portal to a secret trove of treasure.
 28728 | D:15     | Reached ***** piety under Ashenzari
 28734 | D:15     | Reached skill level 1 in Shields
 28800 | D:15     | Reached skill level 2 in Shields
 29005 | D:15     | Found a staircase to the Depths.
 29036 | D:15     | Reached skill level 3 in Shields
 29841 | Swamp:1  | Entered Level 1 of the Swamp
 29841 | Swamp:1  | Identified the +7 glaive of Broken Luck {flame, rN+}
 29936 | Swamp:1  | You pick up a book of Necromancy and begin reading...
 29936 | Swamp:1  | You add the spells Necrotise and Vampiric Draining to your
                  | library.
 29961 | Swamp:1  | Reached skill level 4 in Shields
 30131 | Swamp:1  | Reached skill level 5 in Shields
 30262 | Swamp:1  | Reached skill level 6 in Shields
 30271 | Swamp:1  | Noticed Kirke
 30301 | Swamp:1  | Killed Kirke
 30311 | Swamp:1  | Reached skill level 7 in Shields
 30450 | Swamp:1  | Reached skill level 11 in Earth Magic
 30853 | Swamp:1  | magus.rc [v1.9.6]
 31111 | Swamp:2  | Reached skill level 11 in Spellcasting
 31669 | Swamp:2  | Identified the +0 sling of Zurraad {speed, rElec}
 31838 | Swamp:3  | Learned a level 6 spell: Death Channel
 31974 | Swamp:3  | Identified the +2 dagger "Hydrabane" {freeze, Drain rElec
                  | Str+3 Dex+3}
 31993 | Swamp:3  | Reached skill level 9 in Necromancy
 32007 | Swamp:3  | Acquired a scarf of invisibility
 32175 | Swamp:3  | Noticed Roxanne
 32188 | Swamp:3  | Killed Roxanne
 32335 | Swamp:4  | Entered Level 4 of the Swamp
 32851 | Swamp:4  | Reached skill level 10 in Necromancy
 32856 | Swamp:4  | Reached XP level 17. HP: 138/156 MP: 4/35
 32861 | Swamp:4  | Reached skill level 11 in Necromancy
 32931 | Swamp:4  | Reached skill level 12 in Necromancy
 32972 | Swamp:4  | Noticed the 27-headed Lernaean hydra
 32981 | Swamp:4  | Killed the 27-headed Lernaean hydra
 32987 | Swamp:4  | Got a decaying rune of Zot
 33418 | Swamp:4  | Reached skill level 6 in Summonings
 33659 | Spider:1 | Entered Level 1 of the Spider Nest
 33667 | Spider:1 | magus.rc [v1.9.6]
 33712 | Spider:1 | Reached skill level 8 in Conjurations
 33805 | Spider:1 | You pick up a book of Beasts and begin reading...
 33805 | Spider:1 | You add the spells Summon Ice Beast, Summon Mana Viper and
                  | Monstrous Menagerie to your library.
 33901 | Spider:1 | Found a runed translucent door.
 33902 | Spider:1 | Found a shimmering altar of Xom.
 33902 | Spider:1 | Noticed Duhoah Foli's ghost (adept AtWn)
 34246 | Spider:2 | Reached skill level 7 in Summonings
 34420 | Spider:2 | You pick up a book of Callings and begin reading...
 34420 | Spider:2 | You add the spells Summon Small Mammal, Call Canine
                  | Familiar and Summon Guardian Golem to your library.
 35019 | Spider:3 | Reached skill level 9 in Conjurations
 35112 | Spider:3 | Reached skill level 8 in Summonings
 35342 | Spider:3 | Learned a level 5 spell: Yara's Violent Unravelling
 35393 | Spider:3 | Reached skill level 1 in Transmutations
 35512 | Spider:3 | Reached skill level 2 in Transmutations
 35553 | Spider:3 | Reached skill level 3 in Transmutations
 35759 | Spider:3 | Reached skill level 4 in Transmutations
 35896 | Spider:3 | Reached XP level 18. HP: 163/163 MP: 36/36
 35911 | Spider:3 | Reached skill level 5 in Transmutations
 36064 | Spider:3 | Reached skill level 6 in Transmutations
 36458 | Spider:3 | Reached skill level 7 in Transmutations
 36818 | Spider:4 | Entered Level 4 of the Spider Nest
 36918 | Spider:4 | Reached skill level 8 in Transmutations
 36987 | Spider:4 | Reached skill level 9 in Transmutations
 37470 | Spider:4 | Reached skill level 10 in Transmutations
 37884 | Spider:4 | Found a runed translucent gate.
 37884 | Spider:4 | Found a runed translucent gate.
 37884 | Spider:4 | Found a runed translucent gate.
 37905 | Spider:4 | Noticed Cosiarut's ghost (journeyman FeSu)
 37907 | Spider:4 | Identified the +0 cloak "Ruothred" {Harm Regen+ MP+9 Str-4}
 37907 | Spider:4 | Identified the -1 helmet "Vidgh" {Str+3}
 38100 | Spider:4 | Got a gossamer rune of Zot
 38399 | Spider:4 | Reached skill level 10 in Conjurations
 38548 | Spider:4 | Reached skill level 9 in Summonings
 39087 | Vaults:1 | Entered Level 1 of the Vaults
 39088 | Vaults:1 | magus.rc [v1.9.6]
 39259 | Vaults:1 | Identified the +2 scale mail "Put-Me-On" {-Tele Rampage
                  | rCorr Int+4}
 39292 | Vaults:1 | Paralysed by a formless jellyfish for 1 turns
 39467 | Vaults:1 | Learned a level 7 spell: Spellforged Servitor
 40013 | Vaults:1 | Reached skill level 12 in Spellcasting
 40013 | Vaults:1 | Reached XP level 19. HP: 169/169 MP: 11/37
 40157 | Vaults:1 | Reached skill level 11 in Conjurations
 40289 | Vaults:1 | Noticed Donald
 40298 | Vaults:1 | Killed Donald
 40368 | Vaults:1 | Reached skill level 10 in Summonings
 40370 | Vaults:1 | Noticed Norris
 40375 | Vaults:1 | Killed Norris
 40381 | Vaults:1 | t - a +0 eveningstar of protection {macerare=g}
 40690 | Vaults:1 | Found Ymuipoge's Antique Weapon Boutique.
 40813 | Vaults:1 | Identified the +3 mace "Grim" {speed, rC+ Int+2}
 40828 | Vaults:1 | You pick up a book of Conjurations {@e2} and begin
                  | reading...
 41029 | Vaults:1 | Gained mutation: You occasionally lose the ability to drink
                  | potions when taking damage. [potion of mutation]
 41029 | Vaults:1 | Gained mutation: You possess an exceptional clarity of
                  | mind. [potion of mutation]
 41030 | Vaults:1 | Lost mutation: You occasionally lose the ability to drink
                  | potions when taking damage. [potion of mutation]
 41030 | Vaults:1 | Lost mutation: You possess an exceptional clarity of mind.
                  | [potion of mutation]
 41030 | Vaults:1 | Gained mutation: Your magical capacity is low. (-10% MP)
                  | [potion of mutation]
 41030 | Vaults:1 | Gained mutation: Your system is resistant to poisons.
                  | (rPois) [potion of mutation]
 41030 | Vaults:1 | Gained mutation: Your tail ends in a venomous barb. [potion
                  | of mutation]
 41804 | Vaults:2 | Found Myvedd's Antique Armour Emporium.
 42230 | Vaults:2 | Reached skill level 11 in Summonings
 42232 | Vaults:2 | Reached skill level 12 in Conjurations
 42678 | Vaults:2 | Noticed a curse skull
 43366 | Vaults:2 | Found a staircase to the Crypt.
 43732 | Vaults:2 | Killed a curse skull
 44301 | Vaults:3 | Reached skill level 12 in Summonings
 44701 | Vaults:3 | Reached skill level 13 in Conjurations
 45869 | Vaults:3 | You add the spells Haunt, Borgnjor's Revivification and
                  | Death's Door to your library.
 45944 | Vaults:3 | Reached XP level 20. HP: 180/180 MP: 23/35
 46595 | Vaults:4 | Reached skill level 13 in Fighting
 46597 | Vaults:4 | Reached skill level 14 in Dodging
 47073 | Vaults:4 | magus.rc [v1.9.6]
 47928 | Vaults:4 | Found Tumummug's General Store.
 47933 | Vaults:4 | Bought a potion of heal wounds for 80 gold pieces
 47933 | Vaults:4 | Bought a potion of brilliance for 64 gold pieces
 48102 | Vaults:4 | Reached skill level 14 in Fighting
 48787 | Elf:1    | Entered Level 1 of the Elven Halls
 49611 | Elf:1    | Reached skill level 15 in Dodging
 49637 | Elf:1    | Paralysed by an air elemental for 1 turns
 49640 | Elf:1    | Paralysed by an air elemental for 1 turns
 49642 | Elf:1    | Paralysed by an air elemental for 1 turns
 49644 | Elf:1    | Paralysed by an air elemental for 1 turns
 49764 | Elf:1    | You pick up a book of the Wilderness and begin reading...
 50003 | Elf:1    | Identified the +9 hand axe of Wicked Subterfuge {flame,
                  | *Noise rF+++ rCorr Dex+2}
 50237 | Elf:1    | magus.rc [v1.9.6]
 50262 | Elf:1    | Identified the amulet "Olutiaqo" {RegenMP rElec rPois}
 50265 | Elf:1    | Identified the +6 war axe "Westayz" {elec, rC+}
 50405 | Elf:1    | Noticed Frances
 50416 | Elf:1    | Killed Frances
 50546 | Elf:1    | magus.rc [v1.9.6]
 50959 | Elf:2    | Reached skill level 15 in Fighting
 51233 | Elf:2    | Learned a level 7 spell: Haunt
 51270 | Elf:2    | Found a runed translucent gate.
 51270 | Elf:2    | Found a runed translucent gate.
 51271 | Elf:2    | Found a runed translucent gate.
 51468 | Elf:2    | Identified the +5 trident of the Head {speed, rPois rF+
                  | Will- rCorr}
 51577 | Elf:2    | Acquired a +0 quick blade of electrocution
 51578 | Elf:2    | G - a +0 quick blade of electrocution {shortrare=g}
 51614 | Elf:2    | You drop a +0 eveningstar of protection {macerare=g}.
 51615 | Elf:2    | You drop a +0 quick blade of electrocution {shortrare=g}.
 51639 | Elf:3    | Entered Level 3 of the Elven Halls
 52090 | Elf:3    | Noticed Aizul
 52104 | Elf:3    | Killed Aizul
 52124 | Elf:3    | Reached XP level 21. HP: 186/200 MP: 7/37
 52256 | Elf:3    | Reached skill level 16 in Dodging
 52346 | Elf:3    | Reached skill level 16 in Fighting
 52606 | Elf:3    | Noticed Zenata
 52617 | Elf:3    | Killed Zenata
 52672 | Elf:3    | t - a +5 executioner's axe {axerare=g}
 52927 | Elf:3    | Identified the orb of Spaghetti {*Rage, *Slow rElec Will+}
 52964 | Elf:2    | You drop a +5 executioner's axe {axerare=g}.
 52999 | Elf:3    | Identified the +4 hand axe "Glorpo" {holy, rF- rN++ Int+3
                  | SInv}
 53006 | Elf:3    | a deep elf high priest comes into view. It is wielding the
                  | +8 mithril axe "Arga" {speed, Will+} and wearing a +3 plate
                  | armour of poison resistance.
 53008 | Elf:3    | Aim: a deep elf high priest, wielding the +8 mithril axe
                  | "Arga" {speed, Will+}, wearing a +3 plate armour of poison
                  | resistance and wearing a ring of wizardry (ally target,
                  | 100% to hit)
 53008 | Elf:3    | Aim: a deep elf high priest, wielding the +8 mithril axe
                  | "Arga" {speed, Will+}, wearing a +3 plate armour of poison
                  | resistance and wearing a ring of wizardry (ally target,
                  | 100% to hit)
 53009 | Elf:3    | Aim: a deep elf high priest, wielding the +8 mithril axe
                  | "Arga" {speed, Will+}, wearing a +3 plate armour of poison
                  | resistance and wearing a ring of wizardry (ally target,
                  | 100% to hit)
 53009 | Elf:3    | Aim: a deep elf high priest, wielding the +8 mithril axe
                  | "Arga" {speed, Will+}, wearing a +3 plate armour of poison
                  | resistance and wearing a ring of wizardry (ally target,
                  | 100% to hit)
 53030 | Elf:3    | Identified the +4 great sword of Agony {speed, rC++}
 53252 | Elf:3    | Identified the +1 leather armour of Gestures {rPois rF-
                  | rN++ rCorr}
 53373 | Elf:3    | Identified the +1 sling of Anguish {heavy, Str+2}
 53378 | Elf:3    | You pick up a book of Power and begin reading...
 53379 | Elf:3    | Found the +2 shield of Resistance {rF++ rC++ Will++}
 53383 | Elf:3    | You pick up a book of Fire and begin reading...
 53383 | Elf:3    | You add the spells Foxfire, Plasma Beam and Starburst to
                  | your library.
 53385 | Elf:3    | You pick up a book of the Hunter and begin reading...
 53385 | Elf:3    | You add the spells Sigil of Binding, Dimensional Bullseye
                  | and Leda's Liquefaction to your library.
 53450 | Elf:3    | Identified the Parchment of Hexing Talus
 53450 | Elf:3    | Identified the +1 sling of Foul Odours {speed, rPois rF+
                  | rC+ Will+}
 53456 | Elf:3    | You add the spells Jinxbite and Petrify to your library.
 53458 | Elf:3    | You pick up a book of Vapours and begin reading...
 53458 | Elf:3    | You add the spells Poisonous Vapours, Mephitic Cloud and
                  | Freezing Cloud to your library.
 53681 | Elf:2    | t - a +5 executioner's axe {axerare=g}
 53866 | Depths:1 | Entered Level 1 of the Depths
 53964 | Depths:1 | Reached skill level 8 in Shields
 54084 | Depths:1 | Reached skill level 9 in Shields
 54374 | Depths:1 | Found a one-way gate leading to the halls of Pandemonium.
 54427 | Depths:1 | Found a gateway to Hell.
 54452 | Depths:1 | Reached skill level 10 in Shields
 54508 | Depths:1 | Noticed Nikola
 54515 | Depths:1 | Killed Nikola
 54552 | Depths:1 | Reached skill level 11 in Shields
 54760 | Depths:1 | You pick up a book of Misfortune and begin reading...
 54888 | Depths:1 | Reached skill level 12 in Shields
 55066 | Depths:1 | Reached skill level 13 in Shields
 55259 | Depths:1 | Reached skill level 14 in Shields
 55378 | Depths:1 | Identified the +4 sling of Causality {freeze, rF+}
 55472 | Depths:1 | Found a corrupted altar of Lugonu.
 56235 | Depths:2 | Reached skill level 15 in Shields
 56617 | Depths:2 | Reached skill level 16 in Shields
 56623 | Depths:2 | Reached XP level 22. HP: 194/194 MP: 14/35
 56741 | Depths:2 | Reached skill level 17 in Dodging
 56755 | Depths:2 | Noticed Saint Roka
 56774 | Depths:2 | Killed Saint Roka
 56797 | Depths:2 | Reached skill level 18 in Dodging
 56798 | Depths:2 | +0 shadow dragon scales {rare}; a shadow dragon corpse
 57181 | Depths:2 | Reached skill level 19 in Dodging
 57502 | Depths:2 | Identified the +5 longbow "Gooqit" {flame, rElec}
 57510 | Depths:2 | You pick up a book of the Dragon and begin reading...
 57510 | Depths:2 | You add the spells Cause Fear, Fireball and Dragon's Call
                  | to your library.
 57571 | Depths:2 | Noticed an ancient lich
 57576 | Depths:2 | Killed an ancient lich
 57715 | Depths:2 | Identified the +5 shortbow "Mabo Lali" {speed, +Blink rN+
                  | Int+3 Stlth+}
 57718 | Depths:2 | Identified a potion of experience
 57741 | Depths:2 | You pick up a book of Dangerous Friends and begin
                  | reading...
 57745 | Depths:2 | Reached skill level 20 in Dodging
 57745 | Depths:2 | Reached XP level 23. HP: 210/210 MP: 34/36
 58155 | Depths:2 | Reached skill level 13 in Necromancy
 58155 | Depths:2 | Reached XP level 24. HP: 214/214 MP: 16/36
 58349 | Depths:2 | Reached skill level 13 in Summonings
 58383 | Depths:3 | Found a flickering gateway to a bazaar.
 58395 | Bazaar   | Entered a bazaar
 58402 | Bazaar   | Found Beasupeb's Jewellery Boutique.
 58424 | Bazaar   | Found Isurob's Antique Armour Emporium.
 58445 | Bazaar   | Found Suamn's Antique Weapon Boutique.
 58465 | Bazaar   | Found Rafo's Antique Weapon Shoppe.
 58550 | Depths:3 | Reached skill level 13 in Spellcasting
 58579 | Depths:3 | Identified +9 gold dragon scales
 58579 | Depths:3 | Noticed Parghit
 58595 | Depths:3 | Killed Parghit
 58676 | Depths:3 | You pick up a book of Power and begin reading...
 58768 | Depths:3 | Found a one-way gateway to a ziggurat.
 58908 | Depths:3 | Found a hide-covered altar of Uskayaw.
 59217 | Depths:3 | Identified the Vademecum on Support and Lava
 59226 | Depths:3 | You add the spells Sticky Flame and Summon Lightning Spire
                  | to your library.
 59347 | Depths:3 | You pick up a book of Air and begin reading...
 59347 | Depths:3 | You add the spells Shock, Swiftness and Airstrike to your
                  | library.
 59479 | Depths:3 | You drop a +5 executioner's axe {axerare=g}.
 59485 | Depths:4 | Entered Level 4 of the Depths
 59488 | Depths:3 | magus.rc [v1.9.6]
 59580 | Depths:4 | Found a glowing golden altar of the Shining One.
 59640 | Depths:4 | Noticed Vv
 59652 | Depths:4 | Killed Vv
 59810 | Depths:4 | Reached skill level 14 in Necromancy
 60411 | Depths:4 | Reached skill level 14 in Summonings
 60471 | Depths:4 | Reached skill level 5 in Hexes
 60471 | Depths:4 | Reached XP level 25. HP: 175/226 MP: 17/38
 60582 | Depths:4 | Found a gate to the Realm of Zot.
 60867 | Vaults:5 | Entered Level 5 of the Vaults
 60998 | Vaults:5 | Reached skill level 14 in Conjurations
 61289 | Vaults:5 | Reached skill level 15 in Necromancy
 61429 | Vaults:5 | Identified the +7 triple sword "Yny Iklito" {drain, Fragile
                  | Will+ rCorr Stlth+}
 61429 | Vaults:5 | Identified the ring of the Writhing Gods {rN+ Int-2 Dex+9}
 61439 | Vaults:5 | You add the spells Cigotuvi's Dreadful Rot and Ignite
                  | Poison to your library.
 61442 | Vaults:5 | g - the +7 triple sword "Yny Iklito" {drain, Fragile Will+
                  | rCorr Stlth+, longrare=g}
 61443 | Vaults:5 | You drop the +7 triple sword "Yny Iklito" {drain, Fragile
                  | Will+ rCorr Stlth+, longrare=g}.
 61509 | Vaults:5 | Got a silver rune of Zot
 61536 | Vaults:5 | Upgraded the game from 0.31-a0-841-g038b102fc3 to
                  | 0.31-a0-844-gdc52ec4e09
 61536 | Vaults:5 | magus.rc [v1.9.6]
 61559 | Vaults:5 | Reached skill level 15 in Summonings
 61648 | Vaults:5 | Identified the +7 mace of Bile {heavy, rCorr Str+3}
 61689 | Vaults:5 | Identified the +5 dagger "Rot Coiq" {flame, rF+ rC+ Int+2
                  | Dex+2}
 61721 | Vaults:5 | Reached skill level 15 in Conjurations
 61724 | Vaults:5 | Noticed a dread lich
 61749 | Vaults:5 | Killed a dread lich
 61795 | Vaults:5 | Identified the +1 leather armour of Ru {Will+}
 61976 | Vaults:5 | You pick up a book of Lightning and begin reading...
 61976 | Vaults:5 | You add the spells Vhi's Electric Charge and Arcjolt to
                  | your library.
 61994 | Vaults:5 | Found the +1 robe of Vines {NoPotionHeal Regen++++}
 62053 | Vaults:5 | You add the spells Blink and Manifold Assault to your
                  | library.
 62087 | Vaults:5 | Identified the +11 arbalest of Big Damage {freeze, Dex+4}
 62247 | Vaults:5 | g - the +7 triple sword "Yny Iklito" {drain, Fragile Will+
                  | rCorr Stlth+, longrare=g}
 62252 | Vaults:5 | You drop the +7 triple sword "Yny Iklito" {drain, Fragile
                  | Will+ rCorr Stlth+, longrare=g}.
 62253 | Vaults:5 | g - the +7 triple sword "Yny Iklito" {drain, Fragile Will+
                  | rCorr Stlth+, longrare=g}
 62315 | Vaults:5 | You pick up a book of the Moon and begin reading...
 62315 | Vaults:5 | You add the spells Passage of Golubria and Lehudib's
                  | Crystal Spear to your library.
 62525 | Vaults:5 | Identified the staff of Proximity {rF+ rC+ rCorr Int+3 Ice}
 62567 | Vaults:5 | Reached skill level 16 in Necromancy
 62987 | Depths:1 | magus.rc [v1.9.6]
 63124 | Crypt:1  | Entered Level 1 of the Crypt
 63155 | Crypt:1  | Identified the +6 fire dragon scales of Pessimism {rF++ rC-
                  | rN++ Regen+ rCorr Int-4}
 63155 | Crypt:1  | Identified the ring "Fexuv" {rF+ MP+9 Dex+2 Slay+2}
 63156 | Crypt:1  | Found a transporter.
 63156 | Crypt:1  | Noticed an ancient lich
 63156 | Crypt:1  | Identified the amulet of Zeaxzeud {Rampage rC++ Regen+
                  | Dex-4 SInv}
 63157 | Crypt:1  | Identified the +2 pair of gloves of Liexaap {Int+4}
 63213 | Crypt:1  | Reached skill level 17 in Fighting
 63448 | Crypt:1  | Found a transporter.
 63538 | Crypt:1  | Reached skill level 7 in Evocations
 63756 | Crypt:1  | Noticed a curse skull
 63765 | Crypt:1  | Killed a curse skull
 64491 | Crypt:2  | Noticed a curse skull
 64674 | Crypt:2  | Killed a curse skull
 64730 | Crypt:2  | Reached XP level 26. HP: 244/244 MP: 40/40
 64758 | Crypt:2  | Reached skill level 8 in Evocations
 65143 | Crypt:2  | Reached skill level 18 in Fighting
 65161 | Crypt:2  | Noticed Margery
 65162 | Crypt:2  | Reached skill level 9 in Evocations
 65175 | Crypt:2  | Killed Margery
 65191 | Crypt:2  | Noticed Sojobo
 65199 | Crypt:2  | Killed Sojobo
 65202 | Crypt:2  | Your ally Margery died
 65207 | Crypt:2  | Your ally Sojobo died
 65286 | Crypt:2  | a +4 heavy war axe {axe}; +0 shadow dragon scales {rare}
 65765 | Crypt:2  | Acquired 582 gold pieces
 65994 | Crypt:3  | Entered Level 3 of the Crypt
 66016 | Crypt:3  | Reached skill level 10 in Evocations
 66421 | Zot:1    | Entered Level 1 of the Realm of Zot
 66589 | Zot:2    | Reached skill level 19 in Fighting
 66611 | Zot:2    | Identified +0 gold dragon scales
 66784 | Zot:4    | Identified the +1 robe "Mautueh" {MP+9 SInv}
 66797 | Zot:5    | Entered Level 5 of the Realm of Zot
 66808 | Zot:5    | Noticed a curse toe
 67242 | Zot:5    | Noticed a curse toe
 67248 | Zot:5    | Killed a curse toe
 67444 | Zot:5    | Reached skill level 20 in Fighting
 67738 | Zot:5    | Killed a curse toe
 67880 | Zot:5    | Identified +0 gold dragon scales
 68151 | Zot:5    | Reached skill level 21 in Fighting
 68220 | Zot:5    | Noticed an electric golem
 68221 | Zot:5    | Noticed an ancient lich
 68243 | Zot:5    | Killed an electric golem
 68314 | Zot:5    | Noticed an orb of fire
 68362 | Zot:5    | Gained mutation: You occasionally shout uncontrollably at
                  | your foes. [an orb of fire]
 68363 | Zot:5    | Killed an orb of fire
 68409 | Zot:5    | Killed an ancient lich
 68425 | Zot:5    | Reached skill level 22 in Fighting
 68431 | Zot:5    | +0 storm dragon scales {rare}; a storm dragon corpse
 68539 | Zot:5    | You add the spells Ozocubu's Armour and Ozocubu's
                  | Refrigeration to your library.
 68560 | Zot:5    | Reached XP level 27. HP: 268/268 MP: 33/40
 68619 | Zot:5    | Got the Orb of Zot
 68623 | Zot:5    | Noticed Eceterok the pandemonium lord
 68696 | Zot:4    | Noticed Sadoy the pandemonium lord
 69147 | D:$      | Escaped with the Orb!

Vanquished Creatures
  A dread lich (Vaults:5)
  Sojobo (Crypt:2)
  A curse toe (Zot:5)
  A golden dragon (Zot:2)
  Nikola (Depths:1)
  A shard shrike zombie (Crypt:2)
  Zenata (Elf:3)
  7 Orb Guardians (Zot:5)
  6 tentacled monstrosities
  3 liches
  2 deep elf blademasters (Elf:3)
  A deep elf master archer (Elf:3)
  6 titans (Vaults:5)
  5 sphinxes
  An ancient champion (Crypt:1)
  2 quicksilver dragons
  A death cob (Zot:4)
  2 shadow dragons
  3 storm dragons
  Aizul (Elf:3)
  Kirke (Swamp:1)
  3 tengu reavers (Vaults:5)
  Donald (Vaults:1)
  A draconian knight (Zot:4)
  2 draconian monks (Zot:1)
  A fire giant (Vaults:5)
  2 deep elf sorcerers
  10 emperor scorpions
  10 vault wardens
  A spectral juggernaut (Depths:2)
  5 ghost moths
  A spectral caustic shrike (Depths:2)
  An orc warlord (Orc:2)
  5 frost giants
  3 draconian shifters
  3 ghouls
  A draconian stormcaller (Zot:5)
  5 war gargoyles
  2 broodmothers
  3 formless jellyfish (Vaults:1)
  A reaper (Depths:1)
  6 ironbound preservers
  5 stone giants
  3 green draconians
  2 eleionomae
  2 grey draconians (Depths:4)
  8 vampire knights
  3 deep elf demonologists
  4 ironbound thunderhulks
  4 red draconians
  2 yellow draconians (Zot:4)
  A black draconian (Zot:4)
  2 deep elf annihilators
  A purple draconian (Depths:4)
  3 bunyips
  3 eidola
  3 dire elephants (Vaults:2)
  2 spark wasps
  5 deep elf death magi
  9 ettins
  Josephine (Orc:1)
  6 fire dragons
  5 jiangshi
  2 great orbs of eyes
  4 entropy weavers
  6 yaktaur captains
  2 nameless horrors
  3 spriggan air magi
  2 spectral spriggans (Depths:2)
  13 vault guards (Vaults:5)
  2 deep elf high priests
  7 ice dragons
  A caustic shrike simulacrum (Depths:2)
  A quicksilver dragon skeleton (Crypt:2)
  3 peacekeepers
  2 rakshasas (Depths:1)
  A spectral tengu (Depths:2)
  15 hydras
  A jorogumo (Spider:3)
  3 spectral sphinxes (Depths:2)
  5 alligators
  2 catoblepae
  An ogre mage (Vaults:5)
  2 ghost crabs (Swamp:1)
  A two-headed ogre (D:12)
  5 ironbound frosthearts
  6 centaur warriors
  10 dancing weapons
  A death scarab (Spider:4)
  A spectral frost giant (Depths:2)
  2 boulder beetles
  4 radroaches
  A deep troll shaman (Depths:1)
  4 tengu warriors
  5 death yaks
  3 spriggan berserkers
  6 orc high priests
  8 demonic crawlers
  5 vampire magi
  Urug (Lair:2)
  5 hell knights
  A soul eater (Zot:3)
  9 deep elf knights
  5 iron trolls
  2 death drakes (Depths:2)
  3 skysharks
  7 pharaoh ants
  19 deep trolls
  5 skeletal warriors (D:13)
  A ghost moth zombie (Crypt:1)
  2 sun moths
  5 glowing orange brains
  2 goliath frogs (Swamp:1)
  A spectral spark wasp (Depths:2)
  6 swamp dragons
  4 spriggan druids
  2 orange crystal statues (Depths:2)
  9 orb spiders
  A glowing orange brain (shapeshifter) (Vaults:5)
  8 steelbarb worms
  5 flayed ghosts
  2 wizards
  A sea snake (shapeshifter) (Depths:1)
  8 ironbound convokers
  An ugly thing zombie (D:14)
  6 bog bodies
  A bunyip skeleton (Crypt:2)
  4 phantasmal warriors
  10 orc knights
  8 deep elf archers
  16 deep elf pyromancers
  17 deep elf zephyrmancers
  A sphinx simulacrum (Depths:2)
  2 oklob plants
  10 lindwurms
  3 orc sorcerers (Orc:2)
  4 necromancers
  3 manticores
  4 cyclopes
  11 wolf spiders
  11 elephants
  30 ugly things
  12 moths of wrath
  2 rust devils
  A centaur zombie (Crypt:2)
  A fire giant skeleton (Crypt:2)
  4 vault sentinels
  14 black mambas
  A guardian serpent (Depths:1)
  A molten gargoyle (Volcano)
  A storm dragon simulacrum (Depths:2)
  20 cane toads
  3 gargoyles
  A centaur skeleton (Crypt:2)
  Psyche (D:8)
  A dire elephant skeleton (Crypt:2)
  8 rime drakes
  A red draconian zombie (Crypt:2)
  A freezing wraith (Vaults:5)
  9 komodo dragons
  7 torpor snails
  2 unseen horrors
  A kobold demonologist (D:10)
  An efreet (D:14)
  11 yaktaurs
  A spectral glowing shapeshifter (Depths:2)
  4 ice devils
  4 trolls
  A death drake zombie (Crypt:1)
  A troll (shapeshifter) (Vaults:5)
  A bloated husk (Swamp:2)
  9 meliai
  A polar bear (Lair:3)
  5 tyrant leeches
  13 hornets
  A harpy zombie (Crypt:2)
  16 tarantellas
  Prince Ribbit (D:5)
  21 blink frogs
  4 dream sheep (Lair:3)
  4 flying skulls (Crypt:1)
  15 slime creatures
  An air elemental (Elf:1)
  13 jumping spiders
  10 wraiths
  6 shadows
  6 spriggans
  A spriggan (shapeshifter) (D:13)
  13 culicivoras
  5 water elementals
  7 wyverns
  A yak (shapeshifter) (Vaults:5)
  37 yaks
  3 vampires
  3 fire elementals
  14 steam dragons
  5 fire bats (Volcano)
  4 hogs (Swamp:1)
  An elf zombie (Vaults:3)
  A slime creature zombie (Crypt:2)
  29 redbacks
  2 basilisks
  3 chaos spawn (Depths:1)
  7 vampire mosquitoes
  3 acid dragons
  2 wargs
  16 swamp worms
  A naga zombie (Crypt:2)
  A floating eye (Depths:2)
  11 water moccasins
  A fire bat skeleton (Crypt:1)
  An ice beast (D:7)
  46 orc warriors
  5 swamp drakes
  6 orc zombies
  A human zombie (Vaults:3)
  2 sky beasts
  3 ogres
  6 wolves
  A black bear (D:9)
  8 centaurs
  7 kobold brigands
  A phantom (D:5)
  21 bullfrogs
  5 scorpions
  An earth elemental (Elf:2)
  A warg zombie (Orc:1)
  3 wights (D:10)
  A troll zombie (Orc:1)
  3 killer bees (D:9)
  A human simulacrum (Vaults:3)
  An electric eel (Lair:4)
  4 crimson imps (D:11)
  5 lava snakes (Volcano)
  A black bear zombie (Crypt:1)
  2 jellies
  2 hounds
  2 gnoll boudas (D:7)
  30 orc priests
  An iguana (shapeshifter) (Depths:4)
  6 iguanas
  34 orc wizards
  A hell rat (Lair:3)
  An ogre zombie (Orc:1)
  9 gnolls
  5 adders
  3 shadow imps
  A white imp (D:6)
  A lava snake zombie (Volcano)
  An adder skeleton (Crypt:1)
  3 worms (D:3)
  2 dart slugs
  88 orcs
  8 ball pythons
  9 endoplasms
  4 giant cockroaches
  5 goblins
  4 hobgoblins
  7 jackals
  40 kobolds
  7 quokkas
  9 bats
  3 frilled lizards
  An orc skeleton (Crypt:2)
  8 rats
  A lurking horror (Lair:1)
1430 creatures vanquished.

Vanquished Creatures (collateral kills)
  2 ancient liches
  An orb of fire (Zot:5)
  Parghit (Depths:3)
  the Lernaean hydra (Swamp:4)
  Vv (Depths:4)
  Margery (Crypt:2)
  3 Killer Klowns (Zot:5)
  Saint Roka (Depths:2)
  A curse toe (Zot:5)
  4 golden dragons
  Norris (Vaults:1)
  An electric golem (Zot:5)
  6 tentacled monstrosities
  2 liches
  13 Orb Guardians (Zot:5)
  2 deep elf blademasters (Elf:3)
  A walking frostbound tome (Depths:4)
  3 titans (Vaults:5)
  A walking divine tome (Depths:3)
  A deep elf master archer (Elf:3)
  3 sphinxes
  An ancient champion (Vaults:2)
  Frances (Elf:1)
  4 death cobs
  7 storm dragons
  4 tengu reavers
  The ghost of Fiesu the Devastator, a journeyman DrCj of Vehumet (D:13)
  2 shadow dragons
  A revenant (Crypt:1)
  2 draconian monks
  3 frost giants
  Roxanne (Swamp:3)
  2 iron dragons (Depths:2)
  A draconian scorcher (Zot:1)
  5 fire giants
  A balrug (Depths:3)
  4 deep elf elementalists (Elf:3)
  6 deep elf sorcerers
  An emperor scorpion (Spider:3)
  2 ghost moths (Spider:4)
  A spectral caustic shrike (Depths:2)
  5 vault wardens
  An orc warlord (Vaults:1)
  3 curse skulls
  12 ironbound preservers
  3 draconian annihilators
  An ironbound thunderhulk (Vaults:3)
  3 ghouls (Crypt:1)
  2 very ugly things (Depths:3)
  4 war gargoyles
  A formless jellyfish (shapeshifter) (Elf:3)
  10 stone giants
  A formless jellyfish (Vaults:3)
  A green draconian (Depths:4)
  11 vampire knights
  3 deep elf demonologists
  2 yellow draconians (Zot:5)
  5 red draconians
  5 deep elf annihilators (Elf:3)
  4 eleionomae
  2 black draconians (Zot:5)
  2 spark wasps
  3 white draconians
  8 dire elephants
  3 purple draconians
  3 eidola
  A blizzard demon (Depths:3)
  3 crystal guardians
  2 spectral golden dragons (Depths:2)
  5 deep elf death magi
  10 jiangshi
  2 spectral quicksilver dragons (Depths:2)
  5 ettins
  4 deep elf high priests
  4 great orbs of eyes (Vaults:4)
  5 ice dragons
  4 yaktaur captains
  6 fire dragons
  4 entropy weavers
  2 spectral shadow dragons (Depths:2)
  13 vault guards
  2 peacekeepers
  A spectral sphinx (Depths:2)
  2 ironbound frosthearts
  2 caustic shrike simulacra (Depths:2)
  An ogre mage (Vaults:5)
  8 hydras
  A spriggan air mage (Depths:1)
  A spectral frost giant (Depths:2)
  A boulder beetle (Lair:5)
  A spectral tengu (Depths:2)
  2 juggernaut simulacra (Depths:2)
  2 centaur warriors (Vaults:1)
  4 catoblepae
  An alligator (Swamp:4)
  An Orb Guardian skeleton (Crypt:2)
  3 death knights
  4 deep troll shamans
  5 deep troll earth magi
  A spectral fire giant (Depths:2)
  3 dancing weapons
  5 vampire magi
  2 death yaks (Lair:5)
  4 demonic crawlers
  4 spriggan berserkers
  A storm dragon zombie (Vaults:3)
  10 hell knights
  5 deep elf knights
  2 spectral storm dragons (Depths:2)
  2 sun demons (Depths:3)
  Sonja (Lair:4)
  5 skysharks
  5 skeletal warriors (Crypt:1)
  4 iron trolls
  2 soul eaters
  2 pharaoh ants
  2 goliath frogs
  A death drake (Zot:3)
  A bunyip zombie (Crypt:2)
  5 orb spiders
  2 spriggan riders
  3 glowing orange brains
  18 deep trolls
  A shadow dragon zombie (Crypt:1)
  5 flayed ghosts (Crypt:2)
  12 bog bodies
  5 orc knights
  A swamp dragon (shapeshifter) (Vaults:5)
  12 swamp dragons
  4 deep elf archers
  7 ironbound convokers
  5 necromancers
  5 lindwurms
  3 nameless horrors
  2 bunyip skeletons (Crypt:2)
  15 deep elf zephyrmancers
  9 phantasmal warriors
  2 spectral spriggans (Depths:2)
  5 wizards
  6 wolf spiders
  A stone giant zombie (Vaults:3)
  An orc sorcerer (Depths:2)
  A shadow dragon skeleton (Vaults:3)
  14 deep elf pyromancers
  12 ugly things
  A cyclops (D:15)
  A tengu skeleton (Vaults:3)
  2 black mambas
  5 elephants
  8 moths of wrath
  8 vault sentinels
  6 slime creatures
  2 ice statues (Depths:3)
  A stone giant skeleton (Crypt:1)
  2 cane toads (Lair:3)
  A titan simulacrum (Crypt:1)
  A storm dragon simulacrum (Depths:2)
  6 komodo dragons
  An efreet (D:15)
  5 freezing wraiths
  5 yaktaurs
  5 rime drakes
  4 spectral glowing shapeshifters (Depths:2)
  2 ice devils (Depths:3)
  A golden dragon simulacrum (Depths:2)
  A green draconian zombie (Zot:1)
  A hellwing (Depths:1)
  A spectral human (Depths:2)
  A bloated husk (Swamp:3)
  3 meliai (Spider:3)
  3 tyrant leeches
  A harpy skeleton (Crypt:1)
  4 blink frogs
  A hydra skeleton (Crypt:2)
  5 tarantellas
  A hornet (Depths:1)
  A dream sheep (shapeshifter) (Vaults:5)
  3 dream sheep (Lair:3)
  A frost giant simulacrum (Vaults:3)
  6 flying skulls
  8 jumping spiders
  3 air elementals
  A slime creature (shapeshifter) (Vaults:5)
  7 culicivoras
  2 water elementals
  2 wyverns (Depths:4)
  4 yaks
  A black mamba skeleton (Crypt:2)
  2 black mamba zombies
  2 wraiths
  A spriggan (Depths:1)
  A hog (Swamp:1)
  A fire bat (Volcano)
  2 fire elementals
  20 redbacks
  A vampire mosquito (D:12)
  A swamp worm (Swamp:2)
  An ogre zombie (Vaults:5)
  7 water moccasins
  A skyshark zombie (Crypt:2)
  A merfolk skeleton (Crypt:2)
  3 orc warriors
  5 swamp drakes (Swamp:4)
  An ogre (Depths:2)
  A swamp dragon zombie (Crypt:1)
  4 wolves (Lair:1)
  A lindwurm skeleton (Crypt:2)
  A salamander zombie (Crypt:1)
  A bullfrog (Lair:1)
  3 glowing shapeshifter simulacra (Depths:2)
  A scorpion (Spider:3)
  A human zombie (Vaults:3)
  2 necrophages
  2 earth elementals (Elf:1)
  A wight (D:10)
  2 vampire bats (Lair:5)
  A lava snake (Volcano)
  2 orc priests
  2 iguanas
  4 hell rats (Lair:3)
  An ice beast zombie (Crypt:1)
  A naga skeleton (Crypt:1)
  A howler monkey skeleton (Crypt:2)
  6 orcs
  4 bats (Lair:5)
748 creatures vanquished.

Vanquished Creatures (others)
  A tentacled monstrosity (Vaults:5)
  A deep elf annihilator (Elf:3)
  A very ugly thing zombie (Depths:3)
  5 Orb Guardian zombies (Zot:5)
  3 sphinx zombies
  A vampire mage (Depths:3)
  2 titan zombies (Vaults:5)
  An emperor scorpion zombie (Spider:4)
  2 deep elf knights
  A deep troll (Depths:3)
  A wizard (Depths:1)
  15 ugly thing zombies
  2 alligator zombies (Swamp:4)
  2 goliath frog zombies (Swamp:1)
  2 deep elf pyromancers (Elf:1)
  A draconian zombie (Zot:1)
  A frost giant zombie (Depths:3)
  8 stone giant zombies
  A death scarab zombie (Spider:4)
  2 wolf spider zombies
  A fire giant zombie (Vaults:5)
  3 centaur zombies (Vaults:1)
  A formless jellyfish zombie (Vaults:1)
  25 human zombies
  A red draconian zombie (Depths:4)
  A green draconian zombie (Depths:4)
  A purple draconian zombie (Zot:1)
  14 redback zombies
  A swamp worm zombie (Swamp:3)
  An orb spider zombie (Spider:4)
  A black draconian zombie (Zot:5)
  8 hydra zombies
  3 steelbarb worm zombies
  A demonic crawler zombie (Spider:4)
  A bloated husk (Swamp:2)
  3 moth of wrath zombies
  4 ice dragon zombies
  6 jumping spider zombies
  A great orb of eyes zombie (Vaults:4)
  4 tarantella zombies (Spider:3)
  7 culicivora zombies
  2 ettin zombies (Depths:3)
  A radroach zombie (Spider:3)
  3 fire dragon zombies
  3 black mamba zombies
  A tyrant leech zombie (Swamp:1)
  A hog (Swamp:1)
  4 slime creature zombies
  A human (Swamp:1)
  3 spriggan zombies
  4 fire bat zombies (Volcano)
  A swamp worm (Swamp:1)
  5 tengu zombies
  16 deep troll zombies
  16 elf zombies
  2 entropy weaver zombies
  2 cane toad zombies (Lair:3)
  A sky beast (shapeshifter) (D:14)
  2 dream sheep zombies (Lair:3)
  A hornet zombie (Spider:3)
  4 lindwurm zombies
  4 swamp dragon zombies
  5 elephant zombies (Lair:5)
  3 blink frog zombies
  A torpor snail zombie (Spider:4)
  2 vampire mosquito zombies (Swamp:2)
  A komodo dragon zombie (Lair:2)
  4 yaktaur zombies
  A cyclops zombie (D:13)
  2 wyvern zombies (Depths:4)
  A water moccasin zombie (Lair:4)
  A troll zombie (Orc:2)
  9 yak zombies
  5 wolf zombies (Lair:1)
  A bullfrog zombie (Lair:2)
  An orc priest (Orc:2)
  2 hell rat zombies (Lair:3)
  5 swamp drake zombies (Swamp:4)
  37 orc zombies
  A worm (shapeshifter) (Vaults:5)
  A kobold (D:6)
  5 kobold zombies (Bailey)
  62 fulminant prisms
  10 snaplasher vines
378 creatures vanquished.

Grand Total: 2556 creatures vanquished

Table legend:
 A = Non-vault XP
 B = Vault XP
 C = Vault XP percentage of total XP
 D = Non-vault monster count
 E = Vault monster count
 F = Vault count percentage of total count
                 A         B        C        D         E       F
            +---------+---------+-------+---------+---------+-------
      Total |  569961 |  652502 |  53.4 |    1220 |     946 |  43.7
            +---------+---------+-------+---------+---------+-------
        D:1 |      50 |       0 |   0.0 |      27 |       0 |   0.0
        D:2 |      45 |      44 |  49.4 |      21 |       2 |   8.7
        D:3 |     108 |       0 |   0.0 |      22 |       0 |   0.0
        D:4 |     113 |       0 |   0.0 |      13 |       0 |   0.0
        D:5 |     475 |     303 |  38.9 |      14 |       2 |  12.5
        D:6 |     674 |     133 |  16.5 |      12 |      20 |  62.5
        D:7 |     914 |       0 |   0.0 |      20 |       0 |   0.0
        D:8 |    1512 |     379 |  20.0 |      21 |       1 |   4.5
        D:9 |    2745 |    1038 |  27.4 |      24 |       8 |  25.0
       D:10 |    3193 |      14 |   0.4 |      18 |       5 |  21.7
       D:11 |    1324 |    1458 |  52.4 |      15 |      24 |  61.5
       D:12 |    6333 |       0 |   0.0 |      26 |       0 |   0.0
       D:13 |   12631 |    4427 |  26.0 |      26 |       8 |  23.5
       D:14 |   12965 |    2188 |  14.4 |      26 |       5 |  16.1
       D:15 |    4999 |    1782 |  26.3 |      16 |       2 |  11.1
     Lair:1 |    4641 |       0 |   0.0 |      19 |       0 |   0.0
     Lair:2 |    7087 |    6557 |  48.1 |      27 |      28 |  50.9
     Lair:3 |    8373 |   20462 |  71.0 |      29 |      53 |  64.6
     Lair:4 |   10269 |     776 |   7.0 |      26 |       1 |   3.7
     Lair:5 |   21421 |    4098 |  16.1 |      53 |      25 |  32.1
    Swamp:1 |   10470 |    9893 |  48.6 |      18 |      17 |  48.6
    Swamp:2 |   10586 |       0 |   0.0 |      22 |       0 |   0.0
    Swamp:3 |    9772 |    1305 |  11.8 |      22 |       1 |   4.3
    Swamp:4 |   11044 |   22949 |  67.5 |      19 |      33 |  63.5
   Spider:1 |    9629 |       0 |   0.0 |      26 |       0 |   0.0
   Spider:2 |    8863 |     255 |   2.8 |      22 |       1 |   4.3
   Spider:3 |   18737 |   22573 |  54.6 |      47 |      39 |  45.3
   Spider:4 |   19060 |   26645 |  58.3 |      36 |      47 |  56.6
      Orc:1 |     983 |    9918 |  91.0 |      10 |      33 |  76.7
      Orc:2 |    5466 |    4625 |  45.8 |      43 |      39 |  47.6
      Elf:1 |   26058 |    5387 |  17.1 |      45 |       7 |  13.5
      Elf:2 |   20493 |    1649 |   7.4 |      39 |       2 |   4.9
      Elf:3 |   18262 |   41390 |  69.4 |      31 |      36 |  53.7
   Vaults:1 |   29382 |   13859 |  32.1 |      41 |      16 |  28.1
   Vaults:2 |   17085 |   20506 |  54.6 |      22 |      20 |  47.6
   Vaults:3 |   21463 |   29453 |  57.8 |      32 |      44 |  57.9
   Vaults:4 |   13109 |   23381 |  64.1 |      18 |      30 |  62.5
   Vaults:5 |   24578 |  112757 |  82.1 |      39 |      96 |  71.1
    Crypt:1 |   28098 |       0 |   0.0 |      47 |       0 |   0.0
    Crypt:2 |   25376 |   35260 |  58.2 |      37 |      43 |  53.8
    Crypt:3 |       0 |    2670 | 100.0 |       0 |       2 | 100.0
   Depths:1 |   46009 |    7892 |  14.6 |      55 |      13 |  19.1
   Depths:2 |    2071 |   81528 |  97.5 |       2 |     105 |  98.1
   Depths:3 |   17703 |   28079 |  61.3 |      21 |      32 |  60.4
   Depths:4 |   10998 |   28065 |  71.8 |      13 |      28 |  68.3
      Zot:1 |    7916 |    5562 |  41.3 |       7 |       5 |  41.7
      Zot:2 |    9279 |    3822 |  29.2 |      10 |       2 |  16.7
      Zot:3 |       0 |    6664 | 100.0 |       0 |       6 | 100.0
      Zot:4 |   14678 |       0 |   0.0 |      14 |       0 |   0.0
      Zot:5 |   32921 |   57433 |  63.6 |      27 |      28 |  50.9
     Bailey |       0 |    1037 | 100.0 |       0 |      17 | 100.0
    Volcano |       0 |    4286 | 100.0 |       0 |      20 | 100.0
            +---------+---------+-------+---------+---------+-------

Skill      XL: |  1  2  3  4  5  6  7  8  9 10 11 12 13 14 15 16 17 18 19 20 21 22 23 24 25 26 |
---------------+-------------------------------------------------------------------------------+-----
Stealth        | 2 4 |  4.0
Spellcasting   | 3 4 5 9 10 11 12 13 | 13.6
Conjurations   | 5 6 7 9 10 13 15 | 15.8
Dodging        | 2 4 5 6 8 12 13 15 16 20 | 20.6
Hexes          | 2 4 5 |  5.0
Fighting       | 2 3 5 11 12 15 16 17 22 | 22.6
Short Blades   | 3 8 10 | 10.8
Necromancy     | 6 7 8 10 12 13 14 16 | 16.1
Earth Magic    | 6 9 11 | 11.3
Translocations | 3 5 |  5.7
Evocations     | 3 6 7 10 | 10.8
Summonings     | 5 8 9 12 14 15 | 15.9
Shields        | 7 16 | 16.0
Transmutations | 4 10 | 10.1

Action                     |  1- 3 |  4- 6 |  7- 9 | 10-12 | 13-15 | 16-18 | 19-21 | 22-24 | 25-27 || total
---------------------------+-------+-------+-------+-------+-------+-------+-------+-------+-------++-------
  Melee: Club              |    30 |       |       |       |       |       |       |       |       ||    30
         Tailslap          |     3 |     3 |    17 |    80 |   203 |   263 |   202 |    75 |   181 ||  1027
         Dagger            |       |    10 |    31 |       |       |       |       |       |       ||    41
         Rapier            |       |       |    65 |   401 |  1013 |  1105 |   795 |   240 |   609 ||  4228
         Punch             |       |       |       |     5 |    21 |     1 |       |       |       ||    27
   Fire: Sling             |     6 |     3 |       |       |       |       |       |       |       ||     9
   Cast: Magic Dart        |    65 |   122 |    60 |    38 |     8 |     7 |     4 |       |       ||   304
         Searing Ray       |     1 |     9 |    17 |     2 |       |       |       |       |       ||    29
         Fulminant Prism   |       |       |    37 |    13 |    12 |       |       |       |       ||    62
         Animate Dead      |       |       |       |     9 |    17 |    18 |    22 |     4 |    12 ||    82
         Borgnjor's Vile C |       |       |       |    47 |    92 |    84 |   134 |    39 |    73 ||   469
         Summon Forest     |       |       |       |       |     2 |     9 |     7 |     1 |    12 ||    31
         Iskenderun's Myst |       |       |       |       |     1 |       |     4 |       |       ||     5
         Bombard           |       |       |       |       |       |    39 |    95 |    54 |    65 ||   253
         Death Channel     |       |       |       |       |       |    24 |    22 |     5 |    18 ||    69
         Spellforged Servi |       |       |       |       |       |     1 |    87 |    35 |    76 ||   199
         Yara's Violent Un |       |       |       |       |       |     1 |    10 |     7 |     9 ||    27
         Haunt             |       |       |       |       |       |       |     4 |     2 |    11 ||    17
 Invoke: Curse Item        |       |       |     4 |     1 |     3 |     3 |     2 |     2 |     2 ||    17
         Shatter the Chain |       |       |       |       |     3 |     2 |     4 |       |       ||     9
  Evoke: Wand              |       |       |     6 |     3 |     3 |     5 |     5 |     1 |       ||    23
         Lightning rod     |       |       |       |       |    15 |     3 |     5 |     4 |       ||    27
         Sack of spiders   |       |       |       |       |     3 |     2 |     2 |     2 |     1 ||    10
         Phial of floods   |       |       |       |       |     1 |       |     1 |     1 |     1 ||     4
         Tin of tremorston |       |       |       |       |       |       |       |       |     2 ||     2
    Use: Potion            |     2 |       |     1 |     1 |     3 |     2 |     6 |     2 |     3 ||    20
         Scroll            |       |     5 |     2 |       |     8 |     3 |     6 |     1 |    14 ||    39
   Stab: Paralysed         |       |       |     1 |       |       |       |     1 |       |       ||     2
         Sleeping          |       |       |       |     8 |    20 |    20 |    14 |     1 |     3 ||    66
         Distracted        |       |       |       |     1 |    18 |    26 |    24 |    15 |    31 ||   115
         Petrified         |       |       |       |       |     1 |       |       |       |       ||     1
         Confused          |       |       |       |       |     1 |       |       |     1 |       ||     2
 Armour: Skin              |    25 |    32 |    73 |   189 |   457 |   498 |   373 |   105 |   147 ||  1899
  Dodge: Dodged            |    42 |    17 |   108 |   274 |   884 |   864 |   568 |   192 |   450 ||  3399
  Block: Buckler           |       |       |       |       |       |   443 |   169 |       |       ||   612
         Kite shield       |       |       |       |       |       |       |   228 |   179 |   488 ||   895

Illustrated notes

Table legend:
 A = Kills in this place as a percentage of kills in the entire game.
 B = Kills by you in this place as a percentage of kills by you in the entire game.
 C = Kills by friends in this place as a percentage of kills by friends in the entire game.
 D = Other kills in this place as a percentage of other kills in the entire game.
 E = Experience gained in this place as a percentage of experience gained in the entire game.
 F = Experience gained in this place divided by the number of levels of this place that you have seen.
                   A       B       C       D       E      F
               +-------+-------+-------+-------+-------+----------------------
         Total | 100.0 | 100.0 | 100.0 | 100.0 | 100.0 | 23116.2
       Dungeon |  17.5 |  26.0 |   1.5 |   7.7 |   5.0 | 4065.7
          Lair |  12.0 |  13.6 |   9.3 |   0.0 |   6.8 | 16736.8
         Swamp |   6.1 |   5.6 |   6.9 |  15.4 |   6.2 | 19004.8
   Spider Nest |  10.0 |  11.0 |   8.5 |   0.0 |   8.6 | 26440.5
  Orcish Mines |   5.8 |   8.1 |   1.2 |   7.7 |   1.7 | 10496.0
   Elven Halls |   7.4 |   5.7 |  10.0 |  38.5 |   9.2 | 37746.3
        Vaults |  16.5 |  12.4 |  24.4 |   7.7 |  24.9 | 61114.6
         Crypt |   5.9 |   3.3 |  11.0 |   0.0 |   7.5 | 30468.0
        Depths |  12.5 |   9.0 |  19.0 |  23.1 |  18.3 | 55975.8
           Zot |   4.6 |   2.8 |   8.1 |   0.0 |  11.3 | 27655.0
        Bailey |   0.8 |   1.2 |   0.0 |   0.0 |   0.1 | 1037.0
       Volcano |   0.9 |   1.3 |   0.3 |   0.0 |   0.3 | 4286.0
               +-------+-------+-------+-------+-------+----------------------

Table legend: (Time is in decaauts)
 A = Elapsed time spent in this place.
 B = Non-inter-level travel time spent in this place.
 C = Inter-level travel time spent in this place.
 D = Time resting spent in this place.
 E = Time spent auto-exploring this place.
 F = Levels seen in this place.
 G = Mean time per level.
                   A        B        C        D        E       F      G
               +--------+--------+--------+--------+--------+-----+--------+
         Total |  67873 |  62665 |   5208 |  11708 |  36052 |  53 | 1280.6 |
       Dungeon |  18626 |  16600 |   2026 |   2487 |  11293 |  15 | 1241.7 |
          Lair |   9092 |   8167 |    925 |   1703 |   4291 |   5 | 1818.4 |
         Swamp |   3760 |   3468 |    292 |    450 |   2183 |   4 |  940.0 |
   Spider Nest |   4871 |   4534 |    337 |    603 |   2738 |   4 | 1217.8 |
  Orcish Mines |   2228 |   2137 |     91 |    838 |    757 |   2 | 1114.0 |
   Elven Halls |   4869 |   4721 |    148 |    516 |   2978 |   3 | 1623.0 |
        Vaults |  11474 |  10992 |    482 |   2292 |   6412 |   5 | 2294.8 |
         Crypt |   2995 |   2861 |    134 |    317 |   1834 |   3 |  998.3 |
        Depths |   6819 |   6131 |    688 |   1215 |   3192 |   4 | 1704.8 |
           Zot |   2253 |   2173 |     80 |   1016 |    231 |   5 |  450.6 |
        Bazaar |    106 |    106 |      0 |      3 |     82 |   1 |  106.0 |
        Bailey |    313 |    313 |      0 |    117 |      0 |   1 |  313.0 |
       Volcano |    462 |    462 |      0 |    150 |     61 |   1 |  462.0 |
               +--------+--------+--------+--------+--------+-----+--------+

Top non-repeatable levels by time:
Vaults:2: 3125 daAuts
  Lair:3: 2962 daAuts
  Lair:2: 2626 daAuts
Vaults:3: 2373 daAuts
Depths:1: 2289 daAuts
Vaults:1: 2197 daAuts
   Elf:1: 2146 daAuts
Depths:2: 2120 daAuts
   Elf:3: 1988 daAuts
Vaults:4: 1959 daAuts
Vaults:5: 1819 daAuts
Spider:4: 1764 daAuts
     D:5: 1746 daAuts
Spider:3: 1647 daAuts
     D:8: 1636 daAuts
